 Dungeon Crawl Stone Soup version 0.30-a0-292-g0f741e3f8e (webtiles) character file.

Game seed: 4281253048735645698

1371543 sleeves the Merry Demigod (level 27, -4/216 HPs)
             Began as a Demigod Hunter on Oct 17, 2022.
             Killed by a magical explosion (13 damage)
             ... on level 1 of the Tomb of the Ancients.
             The game lasted 05:13:28 (108615 turns).

sleeves the Merry Demigod (Demigod Hunter)        Turns: 108615, Time: 05:13:29

Health: -4/216     AC:  9    Str:  9    XL:     27
Magic:  18/55      EV: 85    Int:  6    God:
Gold:   11839      SH:  0    Dex: 73    Spells: 29/69 levels left

rFire   + + .      SeeInvis +    w - +11 triple crossbow of Ignis's Inspiration {vorpal, Drain rElec Str+2 Dex+4}
rCold   + . .      Faith    .    (shield currently unavailable)
rNeg    + + +      Spirit   .    J - +0 leather armour "Keips" {rPois rN+++ Str-5 Slay+6}
rPois   +          Reflect  .    o - +2 helmet {SInv}
rElec   +          Harm     .    k - scarf {rC+ rF+}
rCorr   +          Rampage  .    T - +2 pair of gloves {Dex+3}
Will    ++++.                    E - +1 pair of boots "Tenenguvua" {Dex+4}
Stlth   +++++.....               V - amulet of the Final Decision {Regen+ Int-3 Dex+9}
HPRegen 1.36/turn                n - ring "Fowaibatt" {Will+ rCorr Int-2 Slay+6}
MPRegen 0.34/turn                t - ring "Gaucrogo" {*Corrode rElec rF+ Will+ Stlth+}

@: swift, contaminated, hasted, glowing, studying 2 skills, very quick
A: high MP 1, forlorn, divine attributes, hooves 1, deformed body
}: 14/15 runes: decaying, serpentine, slimy, silver, iron, obsidian, icy, bone,
abyssal, demonic, glowing, magical, fiery, dark
a: no special abilities


You were on level 1 of the Tomb of the Ancients.
You visited 17 branches of the dungeon, and saw 86 of its levels.
You visited Pandemonium 1 time, and saw 17 of its levels.
You visited the Abyss 6 times.
You visited 1 ziggurat, and saw 8 of its levels.
You also visited: Trove, Ossuary, Wizlab and Desolation.

You collected 15119 gold pieces.
You spent 3280 gold pieces at shops.

Inventory:

Hand Weapons
 d - a +9 triple sword of freezing
   (You found it on level 5 of the Pits of Slime)
 w - the +11 triple crossbow of Ignis's Inspiration (weapon) {vorpal, Drain rElec Str+2 Dex+4}
   (You acquired it on level 2 of the Orcish Mines)

   Any ammunition fired from it inflicts extra damage upon your enemies.
   Str:       It affects your strength (+2).
   Dex:       It affects your dexterity (+4).
   rElec:     It insulates you from electricity.
   Drain:     It drains your maximum health when unequipped.
 Z - the +6 sword of Cerebov {flame}
   (You took it off Cerebov in Pandemonium)

   It burns those it strikes, dealing additional fire damage.
   Big, fiery blades are also staple armaments of hydra-hunters.
   It temporarily reduces the fire resistance of those it strikes.
Armour
 k - a scarf of resistance (worn)
   (You found it on level 3 of the Realm of Zot)
 o - a +2 helmet of see invisible (worn)
   (You found it in the Desolation of Salt)
 q - the +2 cloak of the Barracuda {Will++ Stlth+}
   (You found it on level 2 of the Swamp)

   Will:      It greatly increases your willpower.
   Stlth:     It makes you more stealthy.
 E - the +1 pair of boots "Tenenguvua" (worn) {Dex+4}
   (You found it on level 5 of the Vaults)

   Dex:       It affects your dexterity (+4).
 J - the +0 leather armour "Keips" (worn) {rPois rN+++ Str-5 Slay+6}
   (You took it off a tengu reaver on level 3 of the Depths)

   Str:       It affects your strength (-5).
   Slay:      It affects your accuracy & damage with ranged weapons and melee
   (+6).
   rPois:     It protects you from poison.
   rN:        It renders you almost immune to negative energy.
 T - a +2 pair of gloves of dexterity (worn)
   (You found it on level 7 of the Iron City of Dis)
 U - the +4 skin of Zhor {*Englaciate rC+++ SInv}
   (You took it off a deep elf sorcerer on level 3 of the Elven Halls)

   It radiates cold, occasionally slowing all nearby creatures who are not
   resistant to cold.
   rC:        It renders you almost immune to cold.
   SInv:      It lets you see invisible.
Jewellery
 g - the ring of Dutuirur {rElec rC+ rN+ MP+9 Str+3}
   (You found it on level 3 of the Crypt)

   [ring of positive energy]

   Str:       It affects your strength (+3).
   rC:        It protects you from cold.
   rElec:     It insulates you from electricity.
   rN:        It protects you from negative energy.
   MP:        It affects your magic capacity (+9).
 i - the amulet of Qothra Ojue {Reflect rElec Int+5 SH+5}
   (You found it on level 1 of the Crypt)

   [amulet of reflection]

   It reflects blocked missile attacks.
   Int:       It affects your intelligence (+5).
   rElec:     It insulates you from electricity.
   SH:        It affects your SH (+5).
 n - the ring "Fowaibatt" (left hand) {Will+ rCorr Int-2 Slay+6}
   (You bought it in a shop on level 2 of the Orcish Mines)

   [ring of resist corrosion]

   Int:       It affects your intelligence (-2).
   Slay:      It affects your accuracy & damage with ranged weapons and melee
   (+6).
   rCorr:     It protects you from acid and corrosion.
   Will:      It increases your willpower.
 p - the ring "Qomur" {rF+ rN+}
   (You found it in the Desolation of Salt)

   [ring of positive energy]

   rF:        It protects you from fire.
   rN:        It protects you from negative energy.
 r - the ring "Guucol" {Wiz rElec rPois}
   (You took it off a vault warden on level 5 of the Vaults)

   [ring of wizardry]

   It improves your spell success rate.
   rElec:     It insulates you from electricity.
   rPois:     It protects you from poison.
 t - the ring "Gaucrogo" (right hand) {*Corrode rElec rF+ Will+ Stlth+}
   (You found it in the Desolation of Salt)

   [ring of protection from fire]

   rF:        It protects you from fire.
   rElec:     It insulates you from electricity.
   *Corrode:  It may corrode you when you take damage.
   Will:      It increases your willpower.
   Stlth:     It makes you more stealthy.
 O - the amulet "Yskearr" {rElec rPois rC+ Regen+ Stlth-}
   (You found it on level 3 of the Crypt)

   [amulet of regeneration]

   rC:        It protects you from cold.
   rElec:     It insulates you from electricity.
   rPois:     It protects you from poison.
   Regen:     It increases your rate of health regeneration.
   Stlth:     It makes you less stealthy.
 P - the amulet of Qoabimp {Acrobat rC+}
   (You found it on level 3 of the Lair of Beasts)

   [amulet of the acrobat]

   It increases your evasion while moving and waiting.
   rC:        It protects you from cold.
 S - a ring of ice
   (You found it on level 7 of the Iron City of Dis)
 V - the amulet of the Final Decision (around neck) {Regen+ Int-3 Dex+9}
   (You took it off a deep elf sorcerer on level 3 of the Elven Halls)

   [amulet of regeneration]

   Int:       It affects your intelligence (-3).
   Dex:       It affects your dexterity (+9).
   Regen:     It increases your rate of health regeneration.
Wands
 c - a wand of light (38)
   (You found it on level 4 of the Dungeon)
 x - a wand of charming (22)
   (You found it on level 4 of the Dungeon)
 K - a wand of digging (49)
   (You found it on level 14 of the Dungeon)
 Q - a wand of roots (44)
   (You found it on level 1 of the Lair of Beasts)
Scrolls
 a - 4 scrolls of silence
 b - a scroll of summoning
 e - 16 scrolls of immolation
 l - 17 scrolls of teleportation
 m - 15 scrolls of fog
 s - 9 scrolls of torment
 v - 5 scrolls of poison
 z - a scroll of magic mapping
 F - 7 scrolls of enchant armour
 N - a scroll of fear
 Y - 13 scrolls of amnesia
Potions
 f - 7 potions of berserk rage
 h - 2 potions of mutation
 j - 5 potions of invisibility
 u - 18 potions of curing
 A - 6 potions of ambrosia
 B - 16 potions of might
 C - 2 potions of haste
 D - 7 potions of heal wounds
 G - 10 potions of magic
 H - 11 potions of attraction
 M - 12 potions of brilliance
 R - a potion of cancellation
 X - 10 potions of flight
Miscellaneous
 I - a phial of floods
   (You found it on level 2 of the Snake Pit)
 L - a phantom mirror
   (You found it on level 4 of the Vaults)
 W - a condenser vane
   (You found it on level 2 of the Lair of Beasts)


   Skills:
 O Level 27 Fighting
 - Level 14.6 Long Blades
 O Level 27 Ranged Weapons
 O Level 27 Dodging
 + Level 21.4 Stealth
 + Level 21.5 Spellcasting
 O Level 27 Necromancy
 - Level 18.0 Translocations
 - Level 20.0 Transmutations
 - Level 12.0 Air Magic


You had 29 spell levels left.
You knew the following spells:

 Your Spells              Type           Power      Damage    Failure   Level
a - Swiftness             Air            20%        N/A       1%          3
b - Passage of Golubria   Tloc           28%        N/A       1%          4
c - Dispersal             Tloc           14%        N/A       1%          6
d - Blink                 Tloc           56%        N/A       0%          2
e - Necromutation         Tmut/Necr      17%        N/A       3%          8
f - Borgnjor's Revivific  Necr           19%        N/A       1%          8
g - Death's Door          Necr           19%        N/A       12%         9

Your spell library contained the following spells:

 Spells                   Type           Power      Damage    Failure   Level
 Apportation              Tloc           56%        N/A       0%          1
 Necrotise                Necr           100%       1d9       0%          1
 Sublimation of Blood     Necr           38%        N/A       0%          2
 Gell's Gravitas          Tloc           28%        N/A       0%          3
 Lesser Beckoning         Tloc           56%        N/A       0%          3
 Teleport Other           Tloc           28%        N/A       0%          3
 Vampiric Draining        Necr           38%        2d8       0%          3
 Sting                    Tmut/Pois      72%        1d6       1%          1
 Cigotuvi's Dreadful Rot  Necr/Pois/Air  44%        N/A       1%          2
 Passwall                 Tmut/Erth      15%        N/A       1%          2
 Poisonous Vapours        Pois/Air       26%        N/A       1%          2
 Static Discharge         Conj/Air       26%        2-4/arc   1%          2
 Kindle Blastsparks       Fire/Tloc/Air  36%        2d13      1%          3
 Spider Form              Tmut/Pois      18%        N/A       1%          3
 Airstrike                Air            10%        2d(2-18)  1%          4
 Anguish                  Hex/Necr       11%        N/A       1%          4
 Ice Form                 Ice/Tmut       18%        N/A       1%          4
 Iskenderun's Mystic Bla  Conj/Tloc      17%        2d5       1%          4
 Manifold Assault         Tloc           28%        N/A       1%          4
 Petrify                  Tmut/Erth      18%        N/A       1%          4
 Blade Hands              Tmut           15%        N/A       1%          5
 Borgnjor's Vile Clutch   Necr/Erth      11%        N/A       1%          5
 Dragon Form              Tmut           15%        N/A       1%          7
 Alistair's Intoxication  Tmut/Pois      12%        N/A       3%          5
 Irradiate                Conj/Tmut      9%         3d14      3%          5
 Yara's Violent Unravell  Hex/Tmut       9%         3d6       3%          5
 Mephitic Cloud           Conj/Pois/Air  11%        N/A       4%          3
 Simulacrum               Ice/Necr       11%        N/A       4%          6
 Summon Forest            Summ/Tloc      8%         N/A       5%          5
 Summon Lightning Spire   Summ/Air       13%        N/A       7%          4
 Foxfire                  Conj/Fire      24%        2x1d5     8%          1
 Slow                     Hex            24%        N/A       8%          1
 Summon Small Mammal      Summ           24%        N/A       8%          1
 Storm Form               Tmut/Air       12%        N/A       10%         7
 Call Imp                 Summ           6%         N/A       12%         2
 Ensorcelled Hibernation  Hex/Ice        12%        N/A       12%         2
 Scorch                   Fire           12%        2d5       12%         2
 Lightning Bolt           Conj/Air       6%         1d18      19%         5
 Silence                  Hex/Air        6%         N/A       19%         5
 Eringya's Noxious Bog    Tmut/Pois      9%         N/A       21%         6
 Statue Form              Tmut/Erth      12%        N/A       21%         6
 Call Canine Familiar     Summ           6%         N/A       24%         3
 Confusing Touch          Hex            6%         N/A       24%         3
 Dazzling Flash           Conj/Hex       12%        N/A       24%         3
 Frozen Ramparts          Ice            12%        1d2       24%         3
 Hailstorm                Conj/Ice       6%         3d4       24%         3
 Inner Flame              Hex/Fire       6%         N/A       24%         3
 Ozocubu's Armour         Ice            6%         N/A       24%         3
 Summon Guardian Golem    Hex/Summ       6%         N/A       24%         3
 Tukima's Dance           Hex            6%         N/A       24%         3
 Haunt                    Necr/Summ      11%        N/A       26%         7
 Disjunction              Tloc           14%        N/A       32%         8
 Freezing Cloud           Conj/Ice/Air   5%         6-21      38%         5
 Animate Armour           Summ/Erth      12%        N/A       61%         4
 Cause Fear               Hex            3%         N/A       61%         4
 Flame Wave               Conj/Fire      6%         2d5       61%         4
 Leda's Liquefaction      Hex/Erth       3%         N/A       61%         4
 Olgreb's Toxic Radiance  Pois           6%         N/A       61%         4
 Summon Ice Beast         Ice/Summ       6%         N/A       61%         4
 Conjure Ball Lightning   Conj/Air       6%         3x3d6     71%         6
 Malign Gateway           Summ/Tloc      8%         N/A       86%         7
 Fireball                 Conj/Fire      3%         3d4       91%         5
 Lee's Rapid Deconstruct  Erth           3%         3d5*      91%         5
 Metabolic Englaciation   Hex/Ice        3%         N/A       91%         5
 Summon Mana Viper        Hex/Summ       6%         N/A       91%         5
 Iron Shot                Conj/Erth      3%         9d2       100%        6
 Starburst                Conj/Fire      3%         6d3       100%        6
 Summon Cactus Giant      Summ           3%         N/A       100%        6
 Enfeeble                 Hex            3%         N/A       100%        7
 Ozocubu's Refrigeration  Ice            3%         4d8       100%        7
 Summon Hydra             Summ           3%         N/A       100%        7
 Discord                  Hex            3%         N/A       100%        8
 Ignition                 Fire           3%         3d4       100%        8
 Summon Horrible Things   Summ           3%         N/A       100%        8
 Dragon's Call            Summ           3%         N/A       100%        9
 Polar Vortex             Ice            3%         N/A       100%        9
 Shatter                  Erth           3%         3d7*      100%        9


Dungeon Overview and Level Annotations

Branches:
Dungeon (15/15)            Temple (0/1) D:5            Lair (5/5) D:10
  Swamp (4/4) Lair:3        Snake (4/4) Lair:3        Slime (5/5) Lair:4
    Orc (2/2) D:9             Elf (3/3) Orc:2        Vaults (5/5) D:13
  Crypt (3/3) Vaults:3       Tomb (2/3) Crypt:3      Depths (4/4) D:15
   Hell (visited)             Dis (7/7) Hell            Geh (7/7) Hell
    Coc (7/7) Hell            Tar (7/7) Hell            Zot (5/5) Depths:4
Ossuary (visited)          WizLab (visited)         Desolation (visited)

Shops:
D:1 *   D:5 :*   D:9 (   D:11 ?   Orc:2 =(((   Elf:1 *   Elf:3 =   Depths:4 [

Portals:
Hell: Depths:1 Depths:2 Depths:3 Depths:4
Abyss: Depths:1 Depths:3
Pandemonium: Depths:2 Depths:3

Annotations:
D:11 exclusion: vampire, Gastronok
D:12 exclusion: downstairs
Lair:3 exclusion: downstairs
Swamp:3 exclusion: downstairs
Geh:5 9 runed translucent doors
Tar:4 36 runed doors
Zot:4 4 transporters


Innate Abilities, Weirdness & Mutations

You have an increased reservoir of magic. (+10% MP)
You shall have no god before yourself.
Your divine heritage dramatically boosts your attributes as you level up.
You have large cloven feet.
Armour fits poorly on your strangely shaped body.


Message History

Found a one-way staircase leading up.
The centaur warrior skeleton completely misses you. x2
The ancient champion gestures wildly while chanting.
The ancient champion seems to speed up.
The flying skull completely misses you.
You hear a hideous shriek!
The flying skull attacks as you move away!
The flying skull completely misses you.
The centaur warrior skeleton completely misses you. x2
The ancient champion gestures at you while chanting.
The iron shot hits you!! The flying skull completely misses you.
The flying skull attacks as you move away!
The flying skull completely misses you.
You start to feel a little slower.
The shard shrike zombie sets off the alarm!
The alarm trap emits a blaring wail!
A sentinel's mark forms upon you.
A shard shrike zombie comes into view.
The centaur warrior skeleton completely misses you. x2
The royal mummy completely misses you.
You hear a screech!
You hear a faint skittering sound. x5
The flying skull attacks as you move away!
The flying skull completely misses you.
The centaur warrior skeleton completely misses you. x2
The shard shrike zombie completely misses you.
The royal mummy completely misses you.
The flying skull attacks as you move away!
The flying skull misses you.
The shard shrike zombie completely misses you. x3
There is a one-way staircase leading up here.
Fire: w) +11 triple crossbow of Ignis's Inspiration {vorpal, Drain rElec Str+2 Dex+4}
Press: ? - help, Q - select action, (/) - cycle Shift-Dir - straight line, f - royal mummy
Aim: a royal mummy (91% to hit)
You shoot a bolt. The bolt hits the royal mummy!!!!!
The royal mummy is almost destroyed.
The shard shrike zombie completely misses you.
The flying skull closely misses you. The shard shrike zombie claws you!
The royal mummy completely misses you.
Fire: w) +11 triple crossbow of Ignis's Inspiration {vorpal, Drain rElec Str+2 Dex+4}
Press: ? - help, Q - select action, (/) - cycle Shift-Dir - straight line, f/p - royal mummy
Aim: a royal mummy (almost destroyed, 91% to hit)
You shoot a bolt. The bolt hits the royal mummy!!!
You destroy the royal mummy!
You feel extremely nervous for a moment...
You feel weird for a moment.
The shard shrike zombie completely misses you.
The shard shrike zombie misses you.
The shard shrike zombie completely misses you.
The flying skull misses you. The flying skull completely misses you.
The ancient champion mumbles some strange words.
The ancient champion seems to speed up.
The shard shrike zombie completely misses you.
Fire: w) +11 triple crossbow of Ignis's Inspiration {vorpal, Drain rElec Str+2 Dex+4}
Press: ? - help, Q - select action, (/) - cycle Shift-Dir - straight line, f - mummy priest
Aim: a mummy priest (90% to hit)
You shoot a bolt. The bolt hits the mummy priest!!!
The mummy priest is severely damaged.
The shard shrike zombie completely misses you.
The flying skull completely misses you. x2; The flying skull misses you.
The shard shrike zombie completely misses you.
The mummy priest prays to its god.
The flying skull completely misses you. x3
The shard shrike zombie completely misses you.
Fire: w) +11 triple crossbow of Ignis's Inspiration {vorpal, Drain rElec Str+2 Dex+4}
Press: ? - help, Q - select action, (/) - cycle Shift-Dir - straight line, f/p - mummy priest
Aim: a mummy priest (heavily damaged, 90% to hit)
You shoot a bolt.
The bolt closely misses the ancient champion.
The bolt hits the mummy priest!!
You destroy the mummy priest!
The freezing wraith disappears in a puff of smoke!
The centaur warrior simulacrum disappears in a puff of smoke!
You feel extremely nervous for a moment...
You feel a surge of unholy energy.
You feel sluggish.
The shard shrike zombie completely misses you.
The flying skull completely misses you.
The shard shrike zombie completely misses you.
The flying skull hits you but does no damage.
The flying skull completely misses you.
You hear a loud "Zot"!
A royal mummy comes into view.
The ancient champion hits you with a +2 great mace of draining!
The flying skull completely misses you.
Fire: w) +11 triple crossbow of Ignis's Inspiration {vorpal, Drain rElec Str+2 Dex+4}
Press: ? - help, Q - select action, (/) - cycle Shift-Dir - straight line, f - flying skull
Aim: a flying skull (81% to hit)
You shoot a bolt. The bolt hits the flying skull!!!
You destroy the flying skull!
You feel yourself come back to life.
The shard shrike zombie completely misses you. x2
The flying skull completely misses you.
The ancient champion completely misses you.
The shard shrike zombie claws you. The flying skull completely misses you.
A royal mummy comes into view. x2
The flying skull completely misses you.
The ancient champion completely misses you. x2
Fire: w) +11 triple crossbow of Ignis's Inspiration {vorpal, Drain rElec Str+2 Dex+4}
Press: ? - help, Q - select action, (/) - cycle Shift-Dir - straight line, f - ancient champion
Aim: an ancient champion, wielding a +2 great mace of draining and wearing a +0 chain mail (fast, 89% to hit)
You shoot a bolt. The bolt hits the ancient champion!!!!
You destroy the ancient champion!
The flying skull completely misses you. x2
The ancient champion completely misses you.
The royal mummy casts a spell.
A mummy priest comes into view.
The flying skull completely misses you. x2
The ancient champion completely misses you.
Fire: w) +11 triple crossbow of Ignis's Inspiration {vorpal, Drain rElec Str+2 Dex+4}
Press: ? - help, Q - select action, (/) - cycle Shift-Dir - straight line, f - ancient champion
Aim: an ancient champion, wielding a +2 battleaxe of draining and wearing a +0 chain mail (fast, 89% to hit)
You shoot a bolt. The bolt hits the ancient champion!!
The ancient champion is heavily damaged.
The flying skull completely misses you. x3
The royal mummy casts a spell at you. Something smites you!
The royal mummy gestures wildly while chanting.
A royal mummy comes into view.
The ancient champion completely misses you.
The mummy priest calls down the wrath of its god upon you.
Something smites you!
The mummy priest mumbles some strange prayers to its god.
The flying skull completely misses you. x2
Fire: w) +11 triple crossbow of Ignis's Inspiration {vorpal, Drain rElec Str+2 Dex+4}
Press: ? - help, Q - select action, (/) - cycle Shift-Dir - straight line, f/p - ancient champion
Aim: an ancient champion, wielding a +2 battleaxe of draining and wearing a +0 chain mail (heavily damaged, fast, 89% to hit)
You shoot a bolt.
The bolt barely misses the ancient champion.
The bolt closely misses the flying skull.
The bolt hits the centaur warrior skeleton!!!
The centaur warrior skeleton is almost destroyed.
The death scarab enters a dispersal trap!
The royal mummy blinks!
The death scarab blinks!
The guardian mummy blinks!
The royal mummy blinks!
The mummy priest blinks!
The mummy blinks!
The flying skull blinks!
The shard shrike zombie blinks!
The death scarab blinks!
The flying skull blinks! x2; The necrophage blinks!
The guardian mummy blinks! x2; The ancient champion blinks!
The flying skull blinks!
The centaur warrior skeleton blinks!
The flying skull blinks! x3; The death scarab blinks!
You blink.
The death scarab blinks!
The flying skull completely misses you. x3
The ancient champion completely misses you.
The royal mummy completely misses you.
Casting: Swiftness (safe; 1% risk of failure)
Confirm with . or Enter, or press ? or * to list all spells.
Casting: Dispersal (mildly dangerous; 1% risk of failure)
Press: ? - help, Dir - look around, f - activate The flying skull blinks!
The flying skull appears confused.
The mummy disappears!
The royal mummy blinks!
The flying skull disappears!
The ancient champion blinks!
The flying skull blinks!
The flying skull completely misses you. x2
Blink to where?
Press: ? - help, Dir - move target A mummy priest comes into view.
As you read the scroll of blinking, it crumbles to dust.
The death scarab waves its antennae.
The death scarab completely misses you. The flying skull completely misses you.
The death scarab completely misses you.
The ynoxinul gestures.
The royal mummy mumbles some strange words.
Unknown command.
Okay, then.
Unknown command.
Fire: w) +11 triple crossbow of Ignis's Inspiration {vorpal, Drain rElec Str+2 Dex+4}
Press: ? - help, Q - select action, (/) - cycle Shift-Dir - straight line, f - shard shrike zombie
Aim: a shard shrike zombie (84% to hit)
You shoot a bolt.
The bolt hits the shard shrike zombie!!!!
The shard shrike zombie is severely damaged.
You start to feel a little faster.
The shard shrike zombie barely misses you.
The shard shrike zombie misses you. The death scarab completely misses you.
The flying skull completely misses you. x4
You hear a loud "Zot"!
The flying skull completely misses you.
The royal mummy mumbles some strange words.
The royal mummy casts a spell.
The flying skull hits you!
Fire: w) +11 triple crossbow of Ignis's Inspiration {vorpal, Drain rElec Str+2 Dex+4}
Press: ? - help, Q - select action, (/) - cycle Shift-Dir - straight line, f - royal mummy, p - shard shrike zombie
Aim: a royal mummy (91% to hit)
You shoot a bolt. The bolt hits the flying skull!!!!
You destroy the flying skull!
The death scarab completely misses you. The death scarab bites you!
The death scarab completely misses you. x2; The flying skull misses you.
You hear a loud "Zot"!
The power of Zot is invoked against you!
The mummy is recalled.
The ancient champion is recalled.
The mummy priest is recalled.
The mummy is recalled.
The mummy priest completely misses you.
The ynoxinul gestures.
The royal mummy gestures at you while chanting.
Something smites you!
A mummy comes into view.
The freezing wraith completely misses you. x2
An ancient champion, a mummy and a mummy priest come into view.
The ancient champion is wielding a +1 great mace of draining.
Fire: w) +11 triple crossbow of Ignis's Inspiration {vorpal, Drain rElec Str+2 Dex+4}
Press: ? - help, Q - select action, (/) - cycle Shift-Dir - straight line, f - mummy priest, p - royal mummy
Aim: a mummy priest (90% to hit)
You shoot a bolt.
The bolt closely misses the mummy priest.
The death scarab completely misses you.
The death scarab waves its antennae.
The death scarab completely misses you.
The flying skull completely misses you. x2
The guardian mummy completely misses you.
The flying skull hits you but does no damage.
The mummy priest calls on the powers of darkness!
Your body is wracked with pain!
* * * LOW HITPOINT WARNING * * *
The emperor scorpion convulses! x2; The mummy priest completely misses you.
The flying skull hits you but does no damage.
The ynoxinul gestures.
The royal mummy points at you and mumbles some strange words.
Something smites you!
* * * LOW HITPOINT WARNING * * *
The flying skull completely misses you.
The freezing wraith completely misses you. x2
The death scarab completely misses you. x2
The death scarab waves its antennae.
The flying skull completely misses you. x3
The guardian mummy completely misses you.
The royal mummy mumbles some strange words.
The death scarab waves its antennae.
The mummy priest prays to its god.
The freezing wraith completely misses you. x2
A mysterious force pulls you upwards. The hatch slams shut behind you.
The sixfirhy disappears in a puff of smoke!
There is a one-way staircase leading down here.
Fire: w) +11 triple crossbow of Ignis's Inspiration {vorpal, Drain rElec Str+2 Dex+4}
Press: ? - help, Q - select action, (/) - cycle Shift-Dir - straight line, f - flying skull
Aim: a flying skull (81% to hit)
You shoot a bolt. The bolt hits the flying skull!!!!
You destroy the flying skull!
The flying skull completely misses you. x4
The guardian mummy completely misses you.
Fire: w) +11 triple crossbow of Ignis's Inspiration {vorpal, Drain rElec Str+2 Dex+4}
Press: ? - help, Q - select action, (/) - cycle Shift-Dir - straight line, f - mummy priest
Aim: a mummy priest (90% to hit)
You shoot a bolt. The bolt hits the mummy priest!!!
The mummy priest is almost destroyed.
You no longer feel sluggish.
The flying skull completely misses you. x2
The mummy priest utters an invocation to its god.
The guardian mummy misses you.
The flying skull completely misses you. x2
Fire: w) +11 triple crossbow of Ignis's Inspiration {vorpal, Drain rElec Str+2 Dex+4}
Press: ? - help, Q - select action, (/) - cycle Shift-Dir - straight line, f/p - mummy priest
Aim: a mummy priest (almost destroyed, 90% to hit)
You shoot a bolt. The bolt hits the mummy priest!!!
You destroy the mummy priest!
The shadow disappears in a puff of smoke! x2
The harpy simulacrum disappears in a puff of smoke!
You feel extremely nervous for a moment...
You are engulfed in negative energy!
You feel weakened.
The flying skull completely misses you. x2
Fire: w) +11 triple crossbow of Ignis's Inspiration {vorpal, Drain rElec Str+2 Dex+4}
Press: ? - help, Q - select action, (/) - cycle Shift-Dir - straight line, f - flying skull
Aim: a flying skull (81% to hit)
You shoot a bolt. The bolt hits the flying skull!!!!!
You destroy the flying skull!
The flying skull completely misses you.
The guardian mummy completely misses you.
The flying skull completely misses you.
Fire: w) +11 triple crossbow of Ignis's Inspiration {vorpal, Drain rElec Str+2 Dex+4}
Press: ? - help, Q - select action, (/) - cycle Shift-Dir - straight line, f - flying skull
Aim: a flying skull (81% to hit)
You shoot a bolt. The bolt hits the flying skull!!!
You destroy the flying skull!
The guardian mummy completely misses you.
Fire: w) +11 triple crossbow of Ignis's Inspiration {vorpal, Drain rElec Str+2 Dex+4}
Press: ? - help, Q - select action, (/) - cycle Shift-Dir - straight line, f - guardian mummy
Aim: a guardian mummy (88% to hit)
You shoot a bolt. The bolt hits the guardian mummy!!!
You destroy the guardian mummy!
You feel extremely nervous for a moment...
Your skin prickles.
Magic restored.
The sentinel's mark upon you fades away.
HP restored.
There is an open door here.
You see here a death scarab corpse.
You see here a ring of ice.
There is a large open door here.
You see here a +1 dagger of speed.
A mummy priest comes into view.
A mummy priest is nearby!
Fire: w) +11 triple crossbow of Ignis's Inspiration {vorpal, Drain rElec Str+2 Dex+4}
Press: ? - help, Q - select action, (/) - cycle Shift-Dir - straight line, f - mummy priest
Aim: a mummy priest (dormant, 98% to hit)
You shoot a bolt. The bolt hits the mummy priest!!!!
You destroy the mummy priest!
You feel extremely nervous for a moment...
Your body is wracked with pain!
You start resting.
HP restored.
There is a large open door here.
There is an open door here.
There is a one-way staircase leading down here.
Casting: Dispersal (mildly dangerous; 1% risk of failure)
Confirm with . or Enter, or press ? or * to list all spells.
Your body is suffused with negative energy!
Unknown command.
You feel yourself come back to life.
Okay, then.
You start resting.
Magic restored.
You feel yourself speed up.
Casting: Necromutation (dangerous; 3% risk of failure)
Confirm with . or Enter, or press ? or * to list all spells.
Your body is suffused with negative energy!
Unknown command.
You cannot drink potions in your current state!
Unknown command.
You slide downwards.
The hatch slams shut behind you.
An ancient champion comes into view. It is wielding a +3 vorpal great sword.
The royal mummy casts a spell at you. Something smites you!
The mummy priest utters an invocation to its god.
Fire: w) +11 triple crossbow of Ignis's Inspiration {vorpal, Drain rElec Str+2 Dex+4}
Press: ? - help, Q - select action, (/) - cycle Shift-Dir - straight line, f - ushabti
Aim: an ushabti (91% to hit)
You shoot a bolt. The bolt hits the ushabti!!!!!
You destroy the ushabti!
You hear a hideous shriek!
Fire: w) +11 triple crossbow of Ignis's Inspiration {vorpal, Drain rElec Str+2 Dex+4}
Press: ? - help, Q - select action, (/) - cycle Shift-Dir - straight line, f - royal mummy
Aim: a royal mummy (91% to hit)
You shoot a bolt. The bolt hits the royal mummy!!!!
The royal mummy is heavily damaged.
The flying skull completely misses you.
The mummy priest mumbles some strange prayers to its god.
Fire: w) +11 triple crossbow of Ignis's Inspiration {vorpal, Drain rElec Str+2 Dex+4}
Press: ? - help, Q - select action, (/) - cycle Shift-Dir - straight line, f/p - royal mummy
Aim: a royal mummy (heavily damaged, 91% to hit)
You shoot a bolt. The bolt hits the mummy!!!!!
You destroy the mummy!
The flying skull completely misses you.
A mummy comes into view.
Fire: w) +11 triple crossbow of Ignis's Inspiration {vorpal, Drain rElec Str+2 Dex+4}
Press: ? - help, Q - select action, (/) - cycle Shift-Dir - straight line, f/p - royal mummy
Aim: a royal mummy (heavily damaged, 91% to hit)
You shoot a bolt. The bolt hits the royal mummy!!
The royal mummy is severely damaged.
The flying skull completely misses you. The phantasmal warrior gestures at you.
The phantasmal warrior blinks!
An ushabti comes into view.
A mummy priest comes into view.
Fire: w) +11 triple crossbow of Ignis's Inspiration {vorpal, Drain rElec Str+2 Dex+4}
Press: ? - help, Q - select action, (/) - cycle Shift-Dir - straight line, f/p - royal mummy
Aim: a royal mummy (severely damaged, 91% to hit)
You shoot a bolt. The bolt hits the royal mummy!!!!
You destroy the royal mummy!
You feel extremely nervous for a moment...
You feel weird for a moment. The flying skull completely misses you.
The phantasmal warrior gestures at you.
The phantasmal warrior blinks!
The mummy completely misses you.
You feel your intelligence returning.
Fire: w) +11 triple crossbow of Ignis's Inspiration {vorpal, Drain rElec Str+2 Dex+4}
Press: ? - help, Q - select action, (/) - cycle Shift-Dir - straight line, f - royal mummy
Aim: a royal mummy (91% to hit)
You shoot a bolt. The bolt hits the flying skull!!!!
You destroy the flying skull!
You hear a hideous shriek!
The ancient champion casts a spell at you.
The iron shot misses you. The flying skull completely misses you.
The mummy priest utters an invocation to its god.
Fire: w) +11 triple crossbow of Ignis's Inspiration {vorpal, Drain rElec Str+2 Dex+4}
Press: ? - help, Q - select action, (/) - cycle Shift-Dir - straight line, f/p - royal mummy
Aim: a royal mummy (91% to hit)
You shoot a bolt. The bolt hits the royal mummy!!!!!
The royal mummy is almost destroyed.
The flying skull completely misses you.
The royal mummy gestures wildly while chanting.
The royal mummy completely misses you.
Fire: w) +11 triple crossbow of Ignis's Inspiration {vorpal, Drain rElec Str+2 Dex+4}
Press: ? - help, Q - select action, (/) - cycle Shift-Dir - straight line, f/p - royal mummy
Aim: a royal mummy (almost destroyed, 91% to hit)
You shoot a bolt. The bolt hits the royal mummy!!!
You destroy the royal mummy!
You feel extremely nervous for a moment...
You feel horribly lethargic.
You feel yourself slow down. The flying skull completely misses you.
The mummy completely misses you. The vampire casts a spell at you.
You resist with almost no effort. The mummy completely misses you.
Fire: w) +11 triple crossbow of Ignis's Inspiration {vorpal, Drain rElec Str+2 Dex+4}
Press: ? - help, Q - select action, (/) - cycle Shift-Dir - straight line, f - mummy priest
Aim: a mummy priest (90% to hit)
You shoot a bolt. The bolt hits the mummy priest!!!
The mummy priest is almost destroyed.
The flying skull closely misses you. The royal mummy casts a spell at you.
Something smites you!
The mummy priest calls down the wrath of its god upon you.
Something smites you! The mummy completely misses you.
The phantasmal warrior misses you.
Fire: w) +11 triple crossbow of Ignis's Inspiration {vorpal, Drain rElec Str+2 Dex+4}
Press: ? - help, Q - select action, (/) - cycle Shift-Dir - straight line, f/p - mummy priest
Aim: a mummy priest (almost destroyed, 90% to hit)
You shoot a bolt. The bolt hits the shadow!!!!
You destroy the shadow!
The shadow disappears in a puff of smoke!
The flying skull completely misses you.
The ancient champion mumbles some strange words.
The ancient champion seems to speed up.
The ancient champion points at you and mumbles some strange words.
The iron shot misses you.
The iron shot hits the iron dragon skeleton!
The mummy completely misses you. The flying skull misses you.
The naga warrior zombie sets off the alarm!
The alarm trap emits a blaring wail!
A sentinel's mark forms upon you.
The phantasmal warrior completely misses you.
The mummy priest invokes the aid of its god against you.
Something smites you!
You hear a faint skittering sound. x5
Fire: w) +11 triple crossbow of Ignis's Inspiration {vorpal, Drain rElec Str+2 Dex+4}
Press: ? - help, Q - select action, (/) - cycle Shift-Dir - straight line, f/p - mummy priest
Aim: a mummy priest (almost destroyed, 90% to hit)
You shoot a bolt. The bolt hits the mummy priest!!!!
You destroy the mummy priest!
The iron dragon skeleton disappears in a puff of smoke!
You feel extremely nervous for a moment...
You feel horribly lethargic.
You feel as though you will be slow longer.
You hear a loud "Zot"!
The flying skull completely misses you.
The vampire mumbles some strange words.
The vampire flickers and vanishes for a moment.
The mummy completely misses you. x2; The flying skull completely misses you.
The phantasmal warrior misses you.
A mummy comes into view.
The royal mummy mumbles some strange words.
The royal mummy gestures wildly while chanting.
The ancient champion misses you.
Fire: w) +11 triple crossbow of Ignis's Inspiration {vorpal, Drain rElec Str+2 Dex+4}
Press: ? - help, Q - select action, (/) - cycle Shift-Dir - straight line, f - ancient champion
Aim: an ancient champion, wielding a +2 battleaxe of draining and wearing a +0 chain mail (89% to hit)
You shoot a bolt. The bolt hits the ancient champion!!!
The ancient champion is almost destroyed.
The flying skull completely misses you.
The mummy priest invokes the aid of its god against you.
Something smites you!
The ushabti shakes and rattles deafeningly!
The mummy priest prays to its god.
A mummy comes into view.
The freezing wraith completely misses you. x2
The wraith completely misses you.
The phantasmal warrior completely misses you.
The ancient champion completely misses you.
Fire: w) +11 triple crossbow of Ignis's Inspiration {vorpal, Drain rElec Str+2 Dex+4}
Press: ? - help, Q - select action, (/) - cycle Shift-Dir - straight line, f/p - ancient champion
Aim: an ancient champion, wielding a +2 battleaxe of draining and wearing a +0 chain mail (almost destroyed, 89% to hit)
You shoot a bolt. The bolt hits the ancient champion!!!!
You destroy the ancient champion!
The death scarab completely misses you. The flying skull completely misses you.
The mummy completely misses you. x2; The flying skull completely misses you.
The phantasmal warrior hits you.
Your willpower is stripped away!
The wraith completely misses you.
The freezing wraith completely misses you. x2
The ancient champion barely misses you.
You feel your strength returning.
Fire: w) +11 triple crossbow of Ignis's Inspiration {vorpal, Drain rElec Str+2 Dex+4}
Press: ? - help, Q - select action, (/) - cycle Shift-Dir - straight line, f - ancient champion
Aim: an ancient champion, wielding a +3 vorpal great sword and wearing a +0 chain mail (89% to hit)
You shoot a bolt. The bolt hits the ancient champion!
The ancient champion is moderately damaged.
The death scarab bites you!! The flying skull hits you!
The phantasmal warrior completely misses you.
The wraith completely misses you.
The freezing wraith completely misses you. x2
The mummy priest utters an invocation to its god.
The ancient champion completely misses you.
The mummy completely misses you.
The royal mummy casts a spell.
The death scarab completely misses you.
Blink to where?
Press: ? - help, Dir - move target, p - ancient champion
As you read the scroll of blinking, it crumbles to dust.
The mummy priest calls down the wrath of its god upon you.
Something smites you!
Fire: w) +11 triple crossbow of Ignis's Inspiration {vorpal, Drain rElec Str+2 Dex+4}
Press: ? - help, Q - select action, (/) - cycle Shift-Dir - straight line, f - guardian mummy
Aim: a guardian mummy (88% to hit)
You shoot a bolt.
The bolt barely misses the guardian mummy.
The bolt hits the guardian mummy!!!
You destroy the guardian mummy!
You feel extremely nervous for a moment...
You feel weird for a moment.
The royal mummy casts a spell.
Fire: w) +11 triple crossbow of Ignis's Inspiration {vorpal, Drain rElec Str+2 Dex+4}
Press: ? - help, Q - select action, (/) - cycle Shift-Dir - straight line, f/p - guardian mummy
Aim: a guardian mummy (88% to hit)
You shoot a bolt.
The bolt closely misses the guardian mummy.
The bolt hits the jiangshi!!!!
You destroy the jiangshi!
The jiangshi disappears in a puff of smoke!
Fire: w) +11 triple crossbow of Ignis's Inspiration {vorpal, Drain rElec Str+2 Dex+4}
Press: ? - help, Q - select action, (/) - cycle Shift-Dir - straight line, f - shard shrike zombie, p - guardian mummy
Aim: a shard shrike zombie (severely damaged, 84% to hit)
You shoot a bolt. The bolt hits the shard shrike zombie!
The shard shrike zombie is almost destroyed.
The shard shrike zombie completely misses you.
The death scarab waves its antennae.
The shard shrike zombie completely misses you.
Fire: w) +11 triple crossbow of Ignis's Inspiration {vorpal, Drain rElec Str+2 Dex+4}
Press: ? - help, Q - select action, (/) - cycle Shift-Dir - straight line, f/p - shard shrike zombie
Aim: a shard shrike zombie (almost destroyed, 84% to hit)
You shoot a bolt.
The bolt hits the shard shrike zombie!!!
You destroy the shard shrike zombie!
The death scarab completely misses you.
The guardian mummy completely misses you.
The royal mummy casts a spell.
The death scarab completely misses you. The phantasmal warrior gestures at you.
The phantasmal warrior blinks!
The ushabti shakes and rattles deafeningly!
The phantasmal warrior attacks as you move away!
The phantasmal warrior misses you. The death scarab bites you!
The death scarab completely misses you.
The mummy priest prays to its god.
The emperor scorpion attacks as you move away!
The emperor scorpion completely misses you.
The emperor scorpion claws you.
* * * LOW HITPOINT WARNING * * *
The emperor scorpion misses you. The death scarab completely misses you.
The phantasmal warrior gestures at you.
The phantasmal warrior blinks!
The death scarab completely misses you.
There is a one-way staircase leading up, spattered with blood here.
Fire: w) +11 triple crossbow of Ignis's Inspiration {vorpal, Drain rElec Str+2 Dex+4}
Press: ? - help, Q - select action, (/) - cycle Shift-Dir - straight line, f - guardian mummy
Aim: a guardian mummy (88% to hit)
You shoot a bolt. The bolt hits the death scarab!!
The death scarab is severely damaged.
The death scarab completely misses you.
The emperor scorpion completely misses you.
The emperor scorpion misses you.
The emperor scorpion completely misses you. x4
Fire: w) +11 triple crossbow of Ignis's Inspiration {vorpal, Drain rElec Str+2 Dex+4}
Press: ? - help, Q - select action, (/) - cycle Shift-Dir - straight line, f/p - guardian mummy
Aim: a guardian mummy (88% to hit)
You shoot a bolt. The bolt hits the death scarab!!!!
You destroy the death scarab!
The death scarab's corpse disappears in a puff of smoke!
The death scarab disappears in a puff of smoke!
The emperor scorpion completely misses you. x3
The phantasmal warrior completely misses you.
The flying skull completely misses you.
The emperor scorpion completely misses you.
The emperor scorpion claws you but does no damage.
The emperor scorpion completely misses you. x4
Fire: w) +11 triple crossbow of Ignis's Inspiration {vorpal, Drain rElec Str+2 Dex+4}
Press: ? - help, Q - select action, (/) - cycle Shift-Dir - straight line, f - emperor scorpion
Aim: an emperor scorpion (summoned, 90% to hit)
You shoot a bolt. The bolt hits the emperor scorpion!!!!
You kill the emperor scorpion!
The emperor scorpion's corpse disappears in a puff of smoke!
The flying skull completely misses you. The jiangshi completely misses you. x2
The phantasmal warrior completely misses you.
The mummy priest prays to its god.
The emperor scorpion completely misses you. x2
The emperor scorpion misses you. The jiangshi completely misses you. x2
Fire: w) +11 triple crossbow of Ignis's Inspiration {vorpal, Drain rElec Str+2 Dex+4}
Press: ? - help, Q - select action, (/) - cycle Shift-Dir - straight line, f - jiangshi
Aim: a jiangshi (grey smoke, summoned, 87% to hit)
You shoot a bolt. The bolt hits the jiangshi!
The jiangshi is lightly damaged.
The flying skull completely misses you. The jiangshi completely misses you. x2
The phantasmal warrior completely misses you.
The emperor scorpion completely misses you. x3
The flying skull completely misses you.
Fire: w) +11 triple crossbow of Ignis's Inspiration {vorpal, Drain rElec Str+2 Dex+4}
Press: ? - help, Q - select action, (/) - cycle Shift-Dir - straight line, f - mummy priest, p - jiangshi
Aim: a mummy priest (90% to hit)
You shoot a bolt. The bolt hits the emperor scorpion!!!
The emperor scorpion is heavily wounded.
The jiangshi closely misses you. The jiangshi misses you.
The emperor scorpion stings you but does no damage.
The emperor scorpion completely misses you. x2
The jiangshi completely misses you. x2
The phantasmal warrior completely misses you.
The jiangshi completely misses you. x2
The ushabti shakes and rattles deafeningly!
The emperor scorpion completely misses you. x3
Fire: w) +11 triple crossbow of Ignis's Inspiration {vorpal, Drain rElec Str+2 Dex+4}
Press: ? - help, Q - select action, (/) - cycle Shift-Dir - straight line, f/p - mummy priest
Aim: a mummy priest (90% to hit)
You shoot a bolt. The bolt hits the emperor scorpion!!!!
You kill the emperor scorpion!
The emperor scorpion's corpse disappears in a puff of smoke!
The death scarab completely misses you. The jiangshi completely misses you.
The jiangshi misses you. The jiangshi completely misses you. x2
The flying skull completely misses you.
The phantasmal warrior completely misses you.
The jiangshi completely misses you. x2
The emperor scorpion completely misses you. x3
The flying skull completely misses you.
Fire: w) +11 triple crossbow of Ignis's Inspiration {vorpal, Drain rElec Str+2 Dex+4}
Press: ? - help, Q - select action, (/) - cycle Shift-Dir - straight line, f/p - mummy priest
Aim: a mummy priest (90% to hit)
You shoot a bolt. The bolt hits the emperor scorpion!
The emperor scorpion is lightly wounded.
The mummy priest prays to its god.
The phantasmal warrior completely misses you.
The emperor scorpion completely misses you. x3
Casting: Necromutation (dangerous; 3% risk of failure)
Confirm with . or Enter, or press ? or * to list all spells.
Casting: Dispersal (mildly dangerous; 1% risk of failure)
Press: ? - help, Dir - look around, f - activate The emperor scorpion disappears!
The jiangshi disappears!
The emperor scorpion blinks!
The emperor scorpion appears confused.
The phantasmal warrior blinks!
The flying skull blinks!
The jiangshi blinks!
The jiangshi appears confused.
The death scarab completely misses you. The phantasmal warrior gestures at you.
The phantasmal warrior blinks!
The royal mummy casts a spell.
The emperor scorpion completely misses the flying skull.
The emperor scorpion closely misses the flying skull.
The emperor scorpion claws the flying skull but does no damage.
The emperor scorpion barely misses itself.
The emperor scorpion claws itself but does no damage. x2
The death scarab completely misses you.
Fire: w) +11 triple crossbow of Ignis's Inspiration {vorpal, Drain rElec Str+2 Dex+4}
Press: ? - help, Q - select action, (/) - cycle Shift-Dir - straight line, f - royal mummy
Aim: a royal mummy (91% to hit)
You shoot a bolt. The bolt hits the royal mummy!!
The royal mummy is moderately damaged.
You feel yourself speed up.
The emperor scorpion seems less confused.
The jiangshi seems less confused.
The death scarab completely misses you. x2
You hear a loud "Zot"!
The phantasmal warrior gestures at you.
The phantasmal warrior blinks!
The jiangshi completely misses you. x2
Casting: Dispersal (mildly dangerous; 1% risk of failure)
Confirm with . or Enter, or press ? or * to list all spells.
You don't know that spell.
Casting: Dispersal (mildly dangerous; 1% risk of failure)
Confirm with . or Enter, or press ? or * to list all spells.
Casting: Dispersal (mildly dangerous; 1% risk of failure)
Press: ? - help, Dir - look around, f - activate The emperor scorpion disappears!
The emperor scorpion blinks!
The mummy disappears!
The phantasmal warrior blinks!
The emperor scorpion blinks!
The jiangshi blinks!
The phantasmal warrior completely misses you.
The royal mummy casts a spell.
The jiangshi completely misses you. x2; The death scarab completely misses you. x2
A guardian mummy comes into view.
Casting: Dispersal (mildly dangerous; 1% risk of failure)
Confirm with . or Enter, or press ? or * to list all spells.
Casting: Dispersal (mildly dangerous; 1% risk of failure)
Press: ? - help, Dir - look around, f - activate The jiangshi disappears!
The wraith blinks!
The death scarab blinks!
The flying skull blinks!
The phantasmal warrior blinks!
The death scarab blinks!
The flying skull blinks!
Your extra speed is starting to run out.
The death scarab completely misses you.
The death scarab bites you but does no damage.
The flying skull completely misses you. x2
The death scarab completely misses you.
The phantasmal warrior completely misses you.
Fire: w) +11 triple crossbow of Ignis's Inspiration {vorpal, Drain rElec Str+2 Dex+4}
Press: ? - help, Q - select action, (/) - cycle Shift-Dir - straight line, f - mummy priest
Aim: a mummy priest (90% to hit)
You shoot a bolt. The bolt hits the mummy priest!!!!
You destroy the mummy priest!
The storm dragon skeleton disappears in a puff of smoke!
You feel extremely nervous for a moment...
You feel horribly lethargic.
You feel yourself slow down.
The death scarab completely misses you. x3; The flying skull barely misses you.
The ancient champion casts a spell.
The ancient champion seems to speed up.
The flying skull completely misses you. The death scarab completely misses you.
Casting: Dispersal (mildly dangerous; 1% risk of failure)
Confirm with . or Enter, or press ? or * to list all spells.
Casting: Dispersal (mildly dangerous; 1% risk of failure)
Press: ? - help, Dir - look around, f - activate The death scarab blinks!
The death scarab appears confused.
The death scarab blinks!
The death scarab appears confused.
The death scarab blinks!
The death scarab appears confused.
The death scarab blinks!
The flying skull disappears!
The phantasmal warrior blinks!
The death scarab blinks!
The flying skull disappears!
The death scarab enters a dispersal trap!
The mummy blinks!
The death scarab blinks! x2; The necrophage blinks!
The emperor scorpion blinks!
The flying skull blinks!
The mummy blinks!
The royal mummy blinks!
The wraith blinks!
The emperor scorpion blinks!
The death scarab blinks! x3; The necrophage blinks!
The death scarab blinks! x2
The mummy blinks!
You blink.
The death scarab blinks!
The death scarab completely misses something.
The death scarab bites the death scarab but does no damage.
The death scarab bites something but does no damage.
The death scarab enters a dispersal trap!
The death scarab blinks!
The emperor scorpion blinks!
The guardian mummy blinks!
The emperor scorpion blinks!
The necrophage blinks!
The centaur warrior skeleton blinks!
The red devil blinks!
The emperor scorpion blinks!
The death scarab blinks!
The royal mummy blinks!
The death scarab blinks!
The emperor scorpion blinks!
The flying skull blinks!
The guardian mummy blinks!
The mummy blinks!
The wraith blinks!
The death scarab blinks! x2; The mummy blinks!
You blink.
Found 28 gold pieces.
The death scarab blinks!
The death scarab completely misses you.
The emperor scorpion completely misses you. x3
Fire: w) +11 triple crossbow of Ignis's Inspiration {vorpal, Drain rElec Str+2 Dex+4}
Press: ? - help, Q - select action, (/) - cycle Shift-Dir - straight line, f - royal mummy
Aim: a royal mummy (91% to hit)
You shoot a bolt. The bolt hits the royal mummy!!
The royal mummy is lightly damaged.
The sentinel's mark upon you fades away.
The death scarab seems less confused.
Something bites the ancient champion.
Something drains the ancient champion's vigour!
The ancient champion seems to slow down.
You hear a loud "Zot"!
The death scarab completely misses you.
The death scarab waves its antennae.
The centaur warrior skeleton completely misses you. x2
The royal mummy completely misses you.
The ushabti shakes and rattles deafeningly!
The emperor scorpion completely misses you. x3
The centaur warrior skeleton completely misses you. x2
You hear a loud "Zot"!
Fire: w) +11 triple crossbow of Ignis's Inspiration {vorpal, Drain rElec Str+2 Dex+4}
Press: ? - help, Q - select action, (/) - cycle Shift-Dir - straight line, f/p - royal mummy
Aim: a royal mummy (lightly damaged, 91% to hit)
You shoot a bolt. The bolt hits the royal mummy!!
The royal mummy is moderately damaged.
The death scarab completely misses you.
The death scarab enters a dispersal trap!
The necrophage blinks!
The wraith blinks!
The death scarab blinks!
The emperor scorpion blinks!
The centaur warrior skeleton blinks!
The guardian mummy blinks!
The death scarab blinks!
The royal mummy blinks!
The flying skull blinks!
The ancient champion blinks!
The death scarab blinks! x4
The wraith blinks!
The emperor scorpion blinks!
The death scarab blinks!
The royal mummy blinks!
The death scarab blinks! x2
The ancient champion blinks!
The necrophage blinks!
The death scarab blinks!
The mummy blinks!
The emperor scorpion blinks!
The death scarab blinks!
You blink. 2 mummies come into view.
The death scarab blinks!
You hear a loud "Zot"!
The freezing wraith completely misses you. x2
The royal mummy casts a spell.
The royal mummy enters a dispersal trap!
The ancient champion blinks!
The guardian mummy blinks!
The royal mummy blinks!
The death scarab blinks!
The ancient champion completely misses you.
The red devil completely misses you.
The death scarab completely misses you. x2
The emperor scorpion completely misses you. x3
Blink to where?
Press: ? - help, Dir - move target
As you read the scroll of blinking, it crumbles to dust.
You hear a loud "Zot"!
The power of Zot is invoked against you!
Your willpower is stripped away!
You hear a loud "Zot"!
The royal mummy mumbles some strange words.
The flying skull completely misses you.
The necrophage enters a dispersal trap!
The death scarab blinks! x4; The emperor scorpion blinks!
The flying skull blinks!
The mummy priest blinks!
The death scarab blinks! x2
The royal mummy blinks!
The death scarab blinks!
The guardian mummy blinks!
The ancient champion blinks!
The death scarab blinks! x2; The mummy blinks!
The guardian mummy blinks!
The jiangshi blinks!
The emperor scorpion blinks!
The centaur warrior skeleton blinks!
The mummy blinks!
The death scarab blinks!
The wraith blinks!
You blink.
The necrophage blinks!
Casting: Dispersal (mildly dangerous; 1% risk of failure)
Confirm with . or Enter, or press ? or * to list all spells.
Aiming: Passage of Golubria (safe; 1% risk of failure)
Press: ? - help, Dir - move target
Okay, then.
Casting: Passage of Golubria (safe; 1% risk of failure)
Confirm with . or Enter, or press ? or * to list all spells.
You feel quick.
The vampire disappears in a puff of smoke!
The death scarab seems less confused.
You hear a loud "Zot"!
The power of Zot is invoked against you!
You are slowing down.
The death scarab enters a dispersal trap!
The guardian mummy blinks!
The death scarab blinks! x2
The emperor scorpion blinks!
The flying skull blinks!
The mummy priest blinks!
The ancient champion blinks!
The death scarab blinks! x5
The royal mummy blinks!
The ancient champion blinks!
The death scarab blinks! x2
The necrophage blinks!
The death scarab blinks!
The mummy priest blinks!
The centaur warrior skeleton blinks!
The red devil blinks!
The ancient champion blinks!
The emperor scorpion blinks!
You blink.
The death scarab blinks!
The death scarab completely misses you. x2
The mummy priest mumbles some strange prayers to its god against you.
Something smites you!
Unknown command.
You feel yourself come back to life.
You feel yourself slow down. The death scarab completely misses you.
The death scarab bites you! The death scarab drains your vigour!
You feel as though you will be slow longer.
The death scarab bites you but does no damage.
The death scarab completely misses you. The death scarab barely misses you.
The emperor scorpion completely misses you.
The emperor scorpion misses you.
The emperor scorpion completely misses you.
The death scarab bites you!!
* * * LOW HITPOINT WARNING * * *
The death scarab drains your vigour!
You feel as though you will be slow longer.
The death scarab completely misses you. x2; The emperor scorpion misses you.
The emperor scorpion claws you.
* * * LOW HITPOINT WARNING * * *
The emperor scorpion closely misses you.
Your limbs are stiffening.
You feel limber!
Your magical effects are unravelling.
You feel magically purged.
You feel sluggish.
You feel yourself speed up.
You feel your willpower return.
The death scarab disappears in a puff of smoke! x2
The death scarab completely misses you. x6; The death scarab bites you!!
* * * LOW HITPOINT WARNING * * *
The death scarab drains your vigour!
You feel yourself slow down.
The death scarab completely misses you. x3
The ancient champion completely misses you.
The death scarab completely misses you. x4
The ancient champion completely misses you.
The death scarab completely misses you. x2
The emperor scorpion completely misses you. x3
The ancient champion completely misses you.
The death scarab completely misses you.
The mummy priest mumbles some strange prayers to its god.
Blink to where?
Press: ? - help, Dir - move target
As you read the scroll of blinking, it crumbles to dust.
The death scarab disappears in a puff of smoke!
You hear a loud "Zot"!
The guardian mummy enters a dispersal trap!
The chaos spawn blinks!
The jiangshi blinks!
The emperor scorpion blinks!
The guardian mummy blinks!
The death scarab blinks!
The rust devil blinks!
The guardian mummy blinks!
The death scarab blinks!
The flying skull blinks!
The jiangshi blinks!
The necrophage blinks!
The royal mummy blinks!
The mummy blinks!
The spectral spriggan defender blinks!
The death scarab blinks!
The necrophage blinks!
The emperor scorpion blinks!
The mummy blinks!
The ancient champion blinks!
The centaur warrior skeleton blinks!
The flying skull blinks!
The ushabti blinks!
The emperor scorpion blinks!
The red devil blinks!
The guardian mummy blinks!
The emperor scorpion blinks!
You blink.
The guardian mummy blinks!
You hear a loud "Zot"!
Your magical effects are unravelling.
You feel magically purged.
You no longer feel sluggish.
You feel yourself speed up.
The necrophage disappears in a puff of smoke!
The death scarab enters a dispersal trap!
The emperor scorpion blinks!
The royal mummy blinks!
The guardian mummy blinks!
The jiangshi blinks!
The death scarab blinks!
The emperor scorpion blinks!
The death scarab blinks!
The rust devil blinks!
The emperor scorpion blinks!
The rust devil blinks!
The mummy blinks!
The spectral spriggan defender blinks!
The emperor scorpion blinks!
The red devil blinks!
The death scarab blinks! x2
The mummy blinks!
The death scarab blinks!
You blink.
Found a scroll of teleportation.
The royal mummy calls on the powers of darkness!
The emperor scorpion convulses!
Your body is wracked with pain!
* * * LOW HITPOINT WARNING * * *
The ancient champion completely misses you.
The rust devil completely misses you.
You hear a loud "Zot"!
The mummy completely misses you.
The guardian mummy completely misses you.
The ancient champion completely misses you.
The ushabti shakes and rattles deafeningly!
The rust devil completely misses you.
The death scarab waves its antennae.
You hear a loud "Zot"!
You hear a faint skittering sound. x4
You hear a screech!
You hear a hideous shriek!
Blink to where?
Press: ? - help, Dir - move target
As you read the scroll of blinking, it crumbles to dust.
You hear a loud "Zot"!
The ushabti shakes and rattles deafeningly!
Casting: Swiftness (safe; 1% risk of failure)
Confirm with . or Enter, or press ? or * to list all spells.
You stand defiantly in death's doorway!
You seem to hear sand running through an hourglass...
You hear a loud "Zot"!
The guardian mummy completely misses you.
The royal mummy gestures wildly while chanting. x2
The death scarab completely misses you. The mummy completely misses you.
The death scarab attacks as you move away!
The death scarab completely misses you.
The rust devil disappears in a puff of smoke!
The death scarab disappears in a puff of smoke! x2
The death scarab bites you! The death scarab drains your vigour!
You feel yourself slow down. The death scarab completely misses you.
You hear a loud "Zot"!
The power of Zot is invoked against you!
You are heavily infused with residual magic.
The guardian mummy completely misses you.
You hear a loud "Zot"!
Okay, then.
You feel yourself speed up.
The death scarab completely misses you. x5
The death scarab closely misses you. The wraith completely misses you.
The mummy priest mumbles some strange prayers to its god.
The royal mummy calls on the powers of darkness!
The emperor scorpion convulses! x6; You feel a surge of unholy energy.
The death scarab completely misses you. x2
The guardian mummy hits you but does no damage.
The emperor scorpion completely misses you. x3
The wraith completely misses you.
The emperor scorpion attacks as you move away!
The emperor scorpion completely misses you. x2
The emperor scorpion misses you.
You hear a loud "Zot"!
The death scarab completely misses you. x3
The mummy priest utters an invocation to its god.
The death scarab completely misses you.
You hear a faint skittering sound.
The death scarab disappears in a puff of smoke!
The death scarab completely misses you.
The royal mummy gestures wildly while chanting.
The mummy completely misses you. The wraith completely misses you.
The emperor scorpion attacks as you move away!
The emperor scorpion completely misses you. x3
The death scarab attacks as you move away!
The death scarab completely misses you.
The ancient champion is no longer moving quickly.
The emperor scorpion disappears in a puff of smoke!
The red devil disappears in a puff of smoke!
The death scarab completely misses you. The death scarab closely misses you.
The death scarab completely misses you. x2
The ancient champion mumbles some strange words.
The ancient champion seems to speed up.
The royal mummy calls on the powers of darkness!
The emperor scorpion convulses! x7; You feel a surge of unholy energy.
You hear a loud "Zot"!
The wraith completely misses you.
Your body shudders with the violent release of wild energies!
Your body twists and deforms.
You feel less contaminated with magical energies.
Unknown command.
The death scarab attacks as you move away!
The death scarab completely misses you.
You feel yourself speed up.
The death scarab completely misses you. x3; The death scarab bites you!
The death scarab completely misses you.
Okay, then.
Casting: Death's Door (dangerous; 12% risk of failure)
Confirm with . or Enter, or press ? or * to list all spells.
You don't know that spell.
Unknown command.
Casting: Death's Door (dangerous; 12% risk of failure)
Confirm with . or Enter, or press ? or * to list all spells.
You don't know that spell.
Casting: Death's Door (dangerous; 12% risk of failure)
Confirm with . or Enter, or press ? or * to list all spells.
Casting: Dispersal (mildly dangerous; 1% risk of failure)
Press: ? - help, Dir - look around, f - activate The death scarab disappears!
The death scarab blinks! x2
The death scarab appears confused.
The death scarab blinks! x2
The death scarab appears confused.
Your time is quickly running out!
The death scarab bites the death scarab!!
The death scarab is destroyed!
The death scarab's corpse disappears in a puff of smoke!
The death scarab completely misses you.
The ynoxinul gestures.
The death scarab completely misses you.
Casting: Dispersal (mildly dangerous; 1% risk of failure)
Confirm with . or Enter, or press ? or * to list all spells.
Aiming: Passage of Golubria (safe; 1% risk of failure)
Press: ? - help, Dir - move target The emperor scorpion completely misses you. x6
The death scarab seems less confused.
The death scarab disappears in a puff of smoke!
The death scarab completely misses you.
The wraith enters the passage of Golubria.
Casting: Passage of Golubria (safe; 1% risk of failure)
Confirm with . or Enter, or press ? or * to list all spells.
You feel quick. The death scarab completely misses you.
You shoot a bolt.
The death scarab's many legs skitter faintly.
The bolt hits the death scarab!!!!
You destroy the death scarab!
The death scarab's corpse disappears in a puff of smoke!
The emperor scorpion completely misses you. x3
The death scarab misses you. The royal mummy completely misses you.
The vampire disappears in a puff of smoke!
The death scarab completely misses you. The wraith completely misses you.
The death scarab completely misses you.
The death scarab disappears in a puff of smoke!
The death scarab completely misses you.
The royal mummy casts a spell.
There is a one-way staircase leading up, spattered with blood here.
The death scarab disappears in a puff of smoke!
The death scarab completely misses you. x2; The jiangshi completely misses you. x2
A mysterious force pulls you upwards. The hatch slams shut behind you.
Your life is in your own hands again!
There is a one-way staircase leading down here.
Fire: w) +11 triple crossbow of Ignis's Inspiration {vorpal, Drain rElec Str+2 Dex+4}
Press: ? - help, Q - select action, (/) - cycle Shift-Dir - straight line, f - you Really target yourself?
Okay, then.
You start resting.
You step away from death's doorway.
You start resting.
Your body shudders with the violent release of wild energies!
The magical storm engulfs you!
You die...

..†...8...8.........)..8.#,,*#...
....^....................#,,*#...
''#####...#####''#####..^#,,*#...
..#...#...#...#.=....#...#,,*#...
..#...#...#..^#......#...#,,*#...
..#...#...#...#......#...#,,*#...
###.^^#...#...####...#...#,,*#...
..#...#..†#...#..#...#...#,,*#...
..#.8.#...#.8.'.@#...#.8.#^,*#...
..#...#...#...#..#...#...#,,*#...
''#^..#...#...####...#...#,,*#...
......#.^^#.^........#...#,,*#...
......#...#..........#...#,,*#...
......#...#..........#...#,,*#...
#######...############...#^,*#...
.....................#...#,,*#...
......8...8....^.....#.8.#,,*#...


There were no monsters in sight!

Vanquished Creatures
  Cerebov (Pan)
  Asmodeus (Geh:7)
  Antaeus (Coc:7)
  the Royal Jelly (Slime:5)
  Gloorx Vloq (Pan)
  Ereshkigal (Tar:7)
  the Serpent of Hell (Geh:7)
  Dispater (Dis:7)
  Lom Lobon (Pan)
  Mnoleg (Pan)
  10 ancient liches
  11 dread liches
  6 orbs of fire
  Mara (Vaults:5)
  6 royal mummies
  7 juggernauts
  The ghost of Ujofet the Impregnable, a veteran MiGl of Hepliaklqana (Crypt:1)
  Vv (Crypt:2)
  6 Killer Klowns
  Bai Suzhen (Vaults:4)
  15 shard shrikes
  5 curse toes
  Margery (Depths:1)
  Saint Roka (Snake:3)
  29 caustic shrikes
  Geryon (Hell)
  12 golden dragons
  Nikola (Elf:3)
  55 bone dragons
  18 profane servitors
  A pearl dragon (Abyss:4)
  26 Tzitzimimeh
  13 Brimstone Fiends
  3 shard shrike zombies
  6 electric golems
  18 iron giants
  11 doom hounds
  33 tentacled monstrosities
  13 Ice Fiends
  A walking crystal tome (Abyss:5)
  19 searing wretches
  Jorgrun (Snake:3)
  19 hellephants
  23 Hell Sentinels
  7 deep elf blademasters
  A walking divine tome (Depths:3)
  25 Orb Guardians (Zot:5)
  The ghost of Tuashofa the Imperceptible, an adept FeVM of Ru (Depths:1)
  13 tainted leviathans
  26 titans
  25 liches
  A walking frostbound tome (Depths:4)
  2 walking earthen tomes
  11 quicksilver dragons
  19 Executioners
  33 acid blobs
  2 deep elf master archers (Elf:3)
  93 tentacled starspawn
  A kraken (Abyss:3)
  47 ancient champions
  20 sphinxes
  12 tengu reavers
  6 pandemonium lords (Pan)
  Frances (D:13)
  A shadow dragon (shapeshifter) (Zig:5)
  10 death cobs
  9 shadow dragons
  The ghost of Eciono the Covert, an adept GnDe of Okawaru (Elf:1)
  3 daevas
  Kirke (Elf:1)
  13 draconian monks
  16 storm dragons
  A fenstrider witch (shapeshifter) (D:13)
  5 revenants
  3 demonspawn warmongers (Pan)
  22 azure jellies
  5 draconian knights
  An azure jelly (shapeshifter) (Depths:3)
  7 rockslimes
  28 narguns
  11 frost giants
  26 fire giants
  8 nagarajas
  7 iron dragons
  16 cacodemons
  16 vault wardens
  8 deep elf sorcerers
  5 spectral caustic shrikes
  A juggernaut zombie (Abyss:4)
  17 quicksilver elementals
  4 curse skulls
  4 ghost moths
  A spectral juggernaut (Tar:1)
  33 balrugs
  4 angels
  Aizul (Snake:3)
  A caustic shrike zombie (Abyss:4)
  An orc warlord (Vaults:3)
  Louise (Swamp:1)
  10 draconian shifters
  A spriggan defender (Depths:3)
  9 draconian scorchers
  9 shard shrike simulacra
  8 ghouls
  6 deep elf elementalists
  49 very ugly things
  8 ironbound preservers
  16 reapers
  2 demonspawn blood saints (Pan)
  13 draconian annihilators
  22 stone giants
  An ophan (Abyss:4)
  4 demonspawn corrupters (Pan)
  2 caustic shrike skeletons (Abyss:4)
  4 draconian stormcallers
  11 quicksilver oozes
  4 juggernaut skeletons
  22 war gargoyles
  265 starcursed masses
  12 lorocyprocas
  5 starflowers (Abyss:4)
  16 elemental wellsprings
  6 dire elephants
  8 vampire knights
  5 eleionomae
  19 green draconians
  2 demonspawn black suns (Pan)
  16 wendigos
  5 ironbound thunderhulks
  9 bunyips
  3 halazid warlocks (Desolation)
  18 black draconians
  9 deep elf annihilators
  14 white draconians
  17 putrid mouths
  12 red draconians
  23 yellow draconians
  7 deep elf demonologists
  A spark wasp (shapeshifter) (Vaults:5)
  11 spark wasps
  20 purple draconians
  An orange crystal statue (WizLab)
  6 crystal guardians
  A merfolk impaler (Depths:3)
  7 ragged hierophants (Desolation)
  21 blizzard demons
  15 mummy priests
  16 green deaths
  An acid blob zombie (Crypt:1)
  15 deep elf death magi
  17 ettins
  12 fire dragons
  15 iron golems
  2 shambling mangroves (Abyss:3)
  2 spectral quicksilver dragons (Tar:1)
  17 eidola
  12 jiangshi
  Josephine (Lair:3)
  The ghost of berneep the Protected, a journeyman MiBe of Trog (Orc:2)
  30 vault guards
  5 quicksilver dragon skeletons
  7 spectral spriggans
  15 salamander tyrants
  22 great orbs of eyes
  8 deep elf high priests
  The ghost of giganojonis the Cleaver, a journeyman MiFi of the Shining One (Orc:2)
  12 yaktaur captains
  5 ice dragons
  18 hydras
  A spriggan zombie (Abyss:2)
  Erolcha (D:13)
  A kraken zombie (Hell)
  5 servants of whispers (Desolation)
  9 peacekeepers
  22 rakshasas
  2 ghost crabs
  8 anacondas
  14 caustic shrike simulacra
  8 catoblepae
  A satyr (Abyss:3)
  A spriggan skeleton (Abyss:4)
  A hell beast (Pan)
  4 spriggan air magi
  7 ogre magi
  6 juggernaut simulacra
  10 ironbound frosthearts
  A spectral stone giant (Tar:2)
  25 two-headed ogres
  4 boulder beetles
  5 alligators
  6 death knights
  13 deep troll shamans
  A merfolk aquamancer (Zig:6)
  19 centaur warriors
  21 death scarabs
  13 deep troll earth magi
  7 stokers
  A titan zombie (Abyss:4)
  The ghost of greasedhog the Grappler, a journeyman GrTm of Sif Muna (D:10)
  A tengu warrior (D:10)
  15 naga warriors
  A quicksilver ooze zombie (Crypt:3)
  53 hell hogs
  45 dancing weapons
  126 thrashing horrors
  12 death yaks
  7 shock serpents
  18 soul eaters
  2 spectral nagas
  4 spriggan berserkers
  Nergalle (D:12)
  7 orc high priests
  Urug (D:10)
  15 vampire magi
  3 spectral dire elephants
  13 deep elf knights
  35 sun demons
  25 skeletal warriors
  81 wretched stars
  8 crystal echidnas
  10 naga sharpshooters
  20 hell knights
  4 fire crabs
  22 sixfirhies
  32 deep trolls
  16 iron trolls
  3 salamander mystics
  32 shadow wraiths
  An iron giant zombie (Abyss:4)
  5 death drakes
  5 goliath frogs
  A storm dragon skeleton (Abyss:1)
  A golden dragon zombie (Abyss:4)
  5 quicksilver dragon simulacra
  7 spriggan simulacra
  13 spatial maelstroms
  2 spectral hydras (Tar:1)
  A sea snake (shapeshifter) (Abyss:5)
  13 flayed ghosts
  8 naga ritualists
  3 orb spiders
  12 phantasmal warriors
  4 spriggan druids
  10 swamp dragons
  A golden dragon skeleton (Crypt:2)
  2 kraken simulacra (Hell)
  12 deep elf archers
  13 glowing orange brains
  5 shadow demons
  13 wizards
  5 bog bodies
  9 necromancers
  An obsidian statue (Elf:1)
  9 mana vipers
  A harpy (shapeshifter) (Abyss:4)
  30 deep elf pyromancers
  14 lindwurms
  24 deep elf zephyrmancers
  9 orc knights
  2 wolf spiders
  20 ironbound convokers
  5 oklob plants
  A wolf spider (shapeshifter) (D:10)
  12 salamanders
  2 spectral ettins (Tar:4)
  6 manticores
  A shining eye (shapeshifter) (D:13)
  A stone giant zombie (Abyss:1)
  12 orc sorcerers
  35 ugly things
  An eleionoma skeleton (Crypt:3)
  18 will-o-the-wisps
  7 shining eyes
  A salamander (shapeshifter) (Abyss:4)
  11 cyclopes
  30 worldbinders
  2 spectral centaurs (Tar:2)
  35 black mambas
  22 guardian serpents
  13 naga magi
  27 moths of wrath
  4 eyes of devastation
  3 titan simulacra
  20 apocalypse crabs
  7 rust devils
  16 vault sentinels
  21 orange demons
  2 water nymphs (Abyss:3)
  5 gargoyles
  86 smoke demons
  9 ice statues
  An iron dragon skeleton (Crypt:1)
  4 dire elephant skeletons
  14 molten gargoyles
  12 cane toads
  2 centaur skeletons
  A dire elephant zombie (Abyss:4)
  A torpor snail (Lair:5)
  39 hellions
  9 demonic crawlers
  A naga skeleton (Abyss:4)
  A bunyip simulacrum (Abyss:1)
  An unseen horror (shapeshifter) (Elf:1)
  13 unseen horrors
  15 efreet
  24 yaktaurs
  2 kobold demonologists
  A komodo dragon (shapeshifter) (Abyss:4)
  2 sea snake zombies (Hell)
  2 iron giant simulacra
  5 komodo dragons
  7 anaconda simulacra
  A yaktaur (shapeshifter) (Abyss:1)
  25 freezing wraiths
  12 guardian mummies
  9 red devils
  38 tormentors
  3 tengu conjurers
  24 hellwings
  2 hydra zombies (Hell)
  A red draconian skeleton (Crypt:2)
  56 ancient zymes
  11 ice devils
  5 silent spectres
  4 spectral harpies
  6 harpy zombies
  A purple draconian skeleton (Crypt:3)
  17 hornets
  A golden dragon simulacrum (Crypt:1)
  3 bloated husks
  6 trolls
  A tarantella (shapeshifter) (Abyss:4)
  A wind drake (shapeshifter) (Abyss:2)
  A culicivora zombie (Crypt:2)
  51 saltlings (Desolation)
  An iron dragon simulacrum (Coc:1)
  A slime creature (shapeshifter) (Vaults:5)
  An alligator zombie (Hell)
  113 slime creatures
  8 tyrant leeches
  A stone giant simulacrum (Coc:6)
  3 polar bears
  158 raiju
  A fire dragon zombie (Abyss:1)
  A snapping turtle (shapeshifter) (Vaults:5)
  7 dream sheep
  30 blink frogs (Abyss:4)
  3 harpy skeletons
  5 fire dragon skeletons
  37 flying skulls
  A jumping spider (shapeshifter) (Elf:1)
  8 dire elephant simulacra
  3 spriggans (shapeshifter)
  59 ynoxinuls
  23 shadows
  7 wyverns
  5 vampires
  A wind drake zombie (Crypt:3)
  An air elemental (Elf:2)
  13 spriggans
  21 water elementals
  Eustachio (D:3)
  3 ushabtiu
  4 hogs (Elf:1)
  35 yaks
  5 naga simulacra
  6 basilisks
  A black mamba skeleton (Abyss:1)
  44 chaos spawn
  12 fire bats (Abyss:4)
  20 golden eyes
  214 large abominations
  23 wraiths
  6 steam dragons
  2 fire elementals
  5 redbacks (shapeshifter)
  15 vampire mosquitoes
  10 wargs
  50 neqoxecs
  15 harpy simulacra
  13 swamp worms
  42 nagas
  19 hell hounds
  34 spatial vortices
  A merfolk zombie (Crypt:2)
  10 hydra simulacra
  2 acid dragons (D:10)
  A naga zombie (Tomb:1)
  15 water moccasins
  2 floating eyes
  3 ice beasts
  Pargi (D:3)
  4 sky beasts
  2 black bears
  6 swamp drakes (Swamp:4)
  4 ettin simulacra
  39 orc warriors
  A swamp dragon zombie (Crypt:1)
  A manticore zombie (Crypt:3)
  17 ogres
  18 wolves
  12 centaurs
  2 phantoms
  A swamp dragon skeleton (Crypt:1)
  A salamander zombie (Crypt:2)
  9 bullfrogs
  3 kobold brigands
  6 necrophages
  4 earth elementals
  A salamander skeleton (Crypt:3)
  A draconian skeleton (Crypt:3)
  2 scorpions
  13 wights
  103 small abominations
  An oklob sapling (D:13)
  9 howler monkeys
  2 centaur zombies (Ossuary)
  11 quasits
  3 hounds
  48 jellies
  4 iguanas
  18 iron imps
  30 orc priests
  Crazy Yiuf (D:3)
  2 gnoll boudas
  Jessica (D:15)
  30 orc wizards
  7 hell rats (Lair:4)
  Terence (D:3)
  A deep dwarf skeleton (Crypt:2)
  An ogre skeleton (Crypt:3)
  18 mummies
  8 gnolls
  17 adders
  3 shadow imps
  A steam dragon skeleton (Crypt:1)
  10 white imps
  6 ufetubi
  A worm (shapeshifter) (Abyss:3)
  A worm (D:2)
  80 orcs
  10 ball pythons
  6 bats
  9 endoplasms
  A giant cockroach (D:3)
  7 goblins
  2 hobgoblins
  4 jackals (D:2)
  4 quokkas
  A frilled lizard (D:1)
  7 hobgoblin zombies
  20 kobolds
  6 rats
  A rat skeleton (Crypt:2)
  A river rat skeleton (Crypt:2)
  2 ball lightnings (Pan)
  A bush (D:3)
  3 creeping infernos
  30 fire vortices
  A foxfire (Abyss:4)
  16 lurking horrors
  48 starspawn tentacles
  3 tentacles
5827 creatures vanquished.

Vanquished Creatures (collateral kills)
  A shard shrike (Coc:4)
  3 caustic shrikes (Depths:2)
  A Brimstone Fiend (Coc:4)
  An Ice Fiend (Coc:4)
  A fire giant (Depths:2)
  A spriggan defender (Depths:2)
  A spark wasp (Depths:2)
  Psyche (D:8)
  A hellion (Coc:4)
  A tormentor (Coc:4)
  An ice beast (D:8)
  A bullfrog (D:9)
  4 orcs (D:9)
18 creatures vanquished.

Vanquished Creatures (others)
  An eldritch tentacle (Pan)
  A shard shrike simulacrum (Coc:3)
  A stoker (Geh:2)
  A sun demon (Pan)
  A spriggan simulacrum (Coc:7)
  A hellwing (Pan)
  An anaconda simulacrum (Coc:7)
  A tormentor (Tar:5)
  2 bloated husks (Swamp:1)
  2 raiju (Abyss:4)
  A slime creature (D:13)
  A blink frog (Abyss:4)
  A water elemental (Abyss:4)
  6 golden eyes (Abyss:4)
  A steam dragon (Swamp:4)
  2 large abominations (Abyss:4)
  11 small abominations
  2 swamp drakes (Swamp:4)
  An ogre (D:5)
  A deep troll simulacrum (Coc:1)
  A white imp (D:5)
  An orc (Orc:1)
  3 kobolds (D:8)
  4 ball lightnings (Pan)
  18 bushes
  6 creeping infernos (Geh:5)
  23 demonic plants (Abyss:4)
  19 foxfires
  14 fungi
  14 lurking horrors
  61 plants
  91 starspawn tentacles
  9 tentacles
303 creatures vanquished.

Grand Total: 6148 creatures vanquished

Notes
Turn   | Place    | Note
-------+----------+-------------------------------------------
     0 | D:1      | sleeves the Demigod Hunter began the quest for the Orb.
     0 | D:1      | Reached XP level 1. HP: 17/17 MP: 3/3
   356 | D:1      | Reached skill level 1 in Long Blades
   368 | D:1      | Found Sumeulurch's Assorted Antiques.
   629 | D:2      | Reached XP level 2. HP: 24/24 MP: 4/4
   709 | D:2      | Identified the +7 spear "Pohusmea" {flame, *Slow rF+ Str+3
                  | Int+7}
   726 | D:2      | Reached skill level 2 in Long Blades
   777 | D:2      | HP: 11/24 [jackal (3)]
   783 | D:2      | HP: 10/24 [jackal (2)]
   785 | D:2      | HP: 4/24 [jackal (2)]
   788 | D:2      | HP: 1/24 [jackal (3)]
   976 | D:2      | Reached XP level 3. HP: 21/29 MP: 5/5
  1134 | D:2      | Reached skill level 3 in Long Blades
  1509 | D:3      | Reached XP level 4. HP: 36/36 MP: 6/6
  1537 | D:3      | Noticed Terence
  1609 | D:3      | Reached skill level 2 in Dodging
  1696 | D:3      | Noticed Pargi
  1890 | D:3      | HP: 18/36 [Terence/+0 hand axe (4)]
  1894 | D:3      | Killed Terence
  2720 | D:3      | Found a runed translucent door.
  2721 | D:3      | Noticed Crazy Yiuf
  2832 | D:4      | Noticed an ogre
  2843 | D:4      | Killed an ogre
  2844 | D:4      | Reached skill level 4 in Long Blades
  2844 | D:4      | Reached skill level 3 in Dodging
  2844 | D:4      | Reached XP level 5. HP: 28/41 MP: 7/7
  3119 | D:4      | Noticed Eustachio
  3163 | D:3      | HP: 14/41 [Eustachio/+0 rapier of speed (8)]
  3168 | D:3      | HP: 12/41 [Eustachio/+0 rapier of speed (2)]
  3172 | D:3      | Killed Eustachio
  3173 | D:3      | Reached skill level 5 in Long Blades
  3173 | D:3      | Reached skill level 4 in Dodging
  3173 | D:3      | Reached XP level 6. HP: 12/48 MP: 8/8
  3640 | D:4      | HP: 22/48 [acid (9)]
  4258 | D:5      | Entered Level 5 of the Dungeon
  4306 | D:5      | Found Fucaf's Lightly-Used Armoury.
  4336 | D:5      | Reached XP level 7. HP: 50/53 MP: 9/9
  4460 | D:5      | HP: 25/53 [centaur (6)]
  4468 | D:5      | HP: 21/53 [centaur (5)]
  4701 | D:5      | Reached skill level 5 in Dodging
  4765 | D:5      | Found a staircase to the Ecumenical Temple.
  4789 | D:5      | Found Atwiyh's Book Shoppe.
  4815 | D:5      | Reached skill level 6 in Long Blades
  5131 | D:6      | Reached skill level 6 in Dodging
  5226 | D:6      | Reached XP level 8. HP: 54/60 MP: 10/10
  5259 | D:6      | Found a sand-covered staircase.
  5274 | Ossuary  | Entered an ossuary
  5554 | D:6      | Reached skill level 7 in Long Blades
  5934 | D:6      | Reached skill level 7 in Dodging
  6606 | D:7      | Reached skill level 8 in Long Blades
  6830 | D:7      | Reached XP level 9. HP: 49/67 MP: 11/11
  7077 | D:7      | Reached skill level 8 in Dodging
  7153 | D:7      | Paralysed by a hornet for 1 turns
  7154 | D:7      | HP: 26/67 [hornet (14)]
  7678 | D:8      | Reached skill level 9 in Long Blades
  7678 | D:8      | Noticed Psyche
  7701 | D:8      | Killed Psyche
  7740 | D:8      | Reached skill level 9 in Dodging
  7920 | D:8      | Noticed a manticore
  8489 | D:9      | HP: 33/67 [wraith (13)]
  8656 | D:9      | HP: 32/67 [steam dragon] (8)]
  8664 | D:9      | HP: 26/67 [steam dragon] (8)]
  8695 | D:8      | HP: 30/67 [steam dragon] (6)]
  8742 | D:8      | HP: 32/67 [steam dragon/ball of steam (9)]
  8747 | D:8      | HP: 16/67 [steam dragon/ball of steam (13)]
  9080 | D:9      | Noticed a two-headed ogre
  9152 | D:8      | HP: 28/67 [vampire (9)]
  9158 | D:8      | Reached skill level 10 in Long Blades
  9158 | D:8      | Reached XP level 10. HP: 27/73 MP: 13/13
  9830 | D:9      | Found Oklox's Weapon Boutique.
  9830 | D:9      | Found a staircase to the Orcish Mines.
  9904 | D:8      | HP: 32/73 [manticore (10)]
  9909 | D:8      | Killed a manticore
  9910 | D:8      | Reached skill level 1 in Stealth
 10095 | D:9      | HP: 30/73 [two-headed ogre/+0 dire flail (25)]
 10288 | D:9      | Killed a two-headed ogre
 10289 | D:9      | Reached skill level 10 in Dodging
 10289 | D:9      | Reached skill level 3 in Stealth
 10556 | D:9      | Reached skill level 4 in Stealth
 10749 | D:9      | Paralysed by a hornet for 2 turns
 10760 | D:9      | HP: 36/73 [poisoned by a hornet]
 10992 | D:9      | Reached skill level 11 in Long Blades
 11023 | D:8      | Reached skill level 5 in Stealth
 11263 | D:9      | HP: 31/73 [yak (15)]
 11269 | D:9      | HP: 26/73 [yak (7)]
 11539 | D:10     | Entered Level 10 of the Dungeon
 11539 | D:10     | Found a transporter.
 11539 | D:10     | Found a transporter.
 11548 | D:10     | Noticed greasedhog's ghost (journeyman GrTm)
 11886 | D:10     | Noticed a two-headed ogre
 11886 | D:10     | Noticed a tengu warrior
 11901 | D:9      | HP: 28/73 [two-headed ogre/+0 giant club (17)]
 12068 | D:9      | Killed a two-headed ogre
 12097 | D:10     | Reached XP level 11. HP: 56/79 MP: 14/14
 12103 | D:10     | Noticed a two-headed ogre
 12317 | D:10     | Found a staircase to the Lair.
 12557 | D:10     | HP: 28/79 [gargoyle/+0 flail (18)]
 12560 | D:10     | Reached skill level 6 in Stealth
 12789 | D:10     | a dream sheep changed into a shock serpent
 12789 | D:10     | Noticed a shock serpent (shapeshifter)
 13120 | D:10     | a cyclops changed into a lindwurm
 13120 | D:10     | Noticed a lindwurm (shapeshifter)
 13327 | D:10     | Noticed Urug
 13387 | D:11     | Noticed a boulder beetle
 13877 | D:11     | Noticed Gastronok
 13890 | D:11     | Found Upnoi's Magic Scroll Boutique.
 14034 | D:11     | Noticed a boulder beetle
 14055 | D:11     | HP: 36/79 [boulder beetle (17)]
 14059 | D:11     | HP: 13/79 [boulder beetle (15)]
 14066 | D:11     | HP: 11/79 [something/puff of flame (9)]
 14190 | D:11     | Killed a boulder beetle
 14356 | Lair:1   | Entered Level 1 of the Lair of Beasts
 14389 | Lair:1   | Reached skill level 12 in Long Blades
 14466 | Lair:1   | Reached skill level 11 in Dodging
 14513 | Lair:1   | HP: 37/79 [black mamba (11)]
 14518 | Lair:1   | HP: 33/79 [poisoned by a black mamba]
 14619 | Lair:1   | HP: 32/79 [cane toad (20)]
 14700 | Lair:1   | HP: 39/79 [poisoned by a cane toad]
 14705 | Lair:1   | HP: 32/79 [poisoned by a cane toad]
 14710 | Lair:1   | HP: 32/79 [poisoned by a cane toad]
 15774 | Lair:2   | Reached skill level 4 in Ranged Weapons
 16048 | Lair:2   | Noticed a death yak
 16233 | Lair:2   | Noticed a death yak
 16233 | Lair:2   | Noticed a death yak
 16618 | Lair:3   | Found a staircase to the Snake Pit.
 16664 | Lair:3   | Reached skill level 5 in Ranged Weapons
 16785 | Lair:3   | Reached skill level 13 in Long Blades
 16848 | Lair:3   | Reached XP level 12. HP: 84/85 MP: 15/15
 17177 | Lair:3   | Noticed Josephine
 17247 | Lair:3   | Reached skill level 6 in Ranged Weapons
 17570 | Lair:4   | Noticed a five-headed hydra
 17660 | Lair:4   | Found a staircase to the Slime Pits.
 17804 | Lair:4   | Reached skill level 7 in Ranged Weapons
 17900 | Lair:4   | HP: 20/85 [lindwurm/blast of flame (36)]
 18177 | Lair:4   | HP: 29/85 [lindwurm/blast of flame (28)]
 18477 | Lair:4   | Killed a five-headed hydra
 18763 | Lair:5   | Entered Level 5 of the Lair of Beasts
 18775 | Lair:4   | Reached skill level 14 in Long Blades
 18897 | Lair:5   | Reached skill level 8 in Ranged Weapons
 19176 | Lair:4   | HP: 42/85 [death yak (15)]
 19190 | Lair:4   | Reached skill level 9 in Ranged Weapons
 19538 | Lair:5   | Identified the +7 flail of Attainder {holy, rElec rN+ SInv}
 19545 | Lair:5   | Identified the +0 ring mail of the Solemn God {Int+3}
 19553 | Lair:5   | Noticed a catoblepas
 19575 | Lair:5   | Killed a catoblepas
 19833 | Lair:5   | Noticed a catoblepas
 19888 | Lair:5   | Reached skill level 10 in Ranged Weapons
 20063 | Lair:5   | Reached XP level 13. HP: 55/91 MP: 16/16
 20066 | Lair:5   | HP: 42/91 [yak (8)]
 20450 | Lair:4   | HP: 44/91 [death yak (6)]
 20455 | Lair:4   | HP: 34/91 [death yak (16)]
 20457 | Lair:4   | Reached skill level 11 in Ranged Weapons
 20622 | Lair:4   | HP: 40/91 [death yak (21)]
 21378 | D:10     | Killed Urug
 21609 | D:11     | Reached skill level 12 in Ranged Weapons
 21848 | D:3      | Killed Crazy Yiuf
 21950 | D:3      | Killed Pargi
 22653 | D:12     | Noticed Nergalle
 22658 | D:12     | Killed Nergalle
 22866 | D:12     | Reached skill level 13 in Ranged Weapons
 23921 | D:13     | Reached skill level 14 in Ranged Weapons
 23951 | D:13     | Noticed Frances
 24224 | D:13     | Reached XP level 14. HP: 97/97 MP: 15/17
 24521 | D:12     | HP: 48/97 [skeletal warrior/+0 short sword (8)]
 24526 | D:12     | HP: 43/97 [skeletal warrior/+0 short sword (5)]
 24716 | D:13     | Noticed a tengu reaver
 24830 | Orc:1    | Entered Level 1 of the Orcish Mines
 24836 | Orc:1    | Reached skill level 15 in Ranged Weapons
 24994 | Orc:1    | Found a transporter.
 24995 | Orc:1    | Found a transporter.
 25085 | Orc:2    | Entered Level 2 of the Orcish Mines
 26145 | Orc:1    | Reached skill level 2 in Fighting
 26203 | Orc:1    | Paralysed by an orc sorcerer for 2 turns
 26718 | Orc:2    | Found a runed translucent gate.
 26718 | Orc:2    | Found a runed translucent gate.
 26718 | Orc:2    | Found a runed translucent gate.
 26723 | Orc:2    | Noticed giganojonis's ghost (journeyman MiFi)
 26723 | Orc:2    | Noticed berneep's ghost (journeyman MiBe)
 26737 | Orc:2    | Found a staircase to the Elven Halls.
 26894 | Orc:2    | Found Lyeshif's Antique Weapon Shoppe.
 26945 | Orc:2    | Found Viatup's Antique Weapon Shop.
 26952 | Orc:2    | Found Zocy's Antique Weapon Shop.
 26954 | Orc:2    | Found Cawnyos's Jewellery Shoppe.
 26963 | Orc:2    | Bought the ring "Fowaibatt" {Will+ rCorr Int-2 Slay+6} for
                  | 857 gold pieces
 27249 | D:13     | Reached skill level 3 in Fighting
 27346 | D:13     | Reached skill level 7 in Stealth
 27618 | D:13     | Noticed Erolcha
 27767 | D:14     | Reached skill level 16 in Ranged Weapons
 27790 | D:14     | Reached skill level 12 in Dodging
 27907 | D:14     | HP: 39/102 [??? (37)]
 27915 | D:14     | HP: 23/102 [death knight/+3 glaive of venom (25)]
 27920 | D:14     | HP: 35/102 [death knight/+3 glaive of venom (2)]
 28297 | D:14     | Reached skill level 4 in Fighting
 29002 | D:15     | Entered Level 15 of the Dungeon
 29243 | D:15     | Reached skill level 8 in Stealth
 29442 | D:15     | Found a staircase to the Depths.
 29460 | D:15     | HP: 44/105 [hell knight/bolt of fire (15)]
 29463 | D:15     | Reached skill level 5 in Fighting
 29463 | D:15     | Reached XP level 15. HP: 50/113 MP: 13/18
 29700 | D:15     | Noticed Jessica
 29701 | D:15     | Killed Jessica
 30038 | D:13     | Killed Frances
 30187 | D:13     | Identified the +0 scale mail of Yfacakil {rPois}
 30508 | D:13     | Found a gate to the Vaults.
 30533 | D:13     | Noticed a fenstrider witch
 30543 | D:13     | Killed a fenstrider witch
 30544 | D:13     | Reached skill level 6 in Fighting
 30554 | D:13     | Gained mutation: You sometimes lose your temper in combat.
                  | [a shining eye]
 30648 | D:14     | Lost mutation: You sometimes lose your temper in combat.
                  | [potion of mutation]
 30648 | D:14     | Gained mutation: You are somewhat resistant to further
                  | mutation. [potion of mutation]
 30648 | D:14     | Gained mutation: You are vulnerable to heat. (rF-) [potion
                  | of mutation]
 30648 | D:14     | Gained mutation: You are partially covered in iridescent
                  | scales. (AC +2) [potion of mutation]
 31111 | Lair:3   | Killed Josephine
 31118 | Lair:3   | Found a staircase to the Swamp.
 31237 | Lair:3   | Identified the +4 scimitar of Efah {flame, Dex+4}
 31240 | Lair:3   | Identified the amulet of Qoabimp {Acrobat rC+}
 31463 | D:13     | Reached skill level 7 in Fighting
 31763 | Snake:1  | Entered Level 1 of the Snake Pit
 32793 | Snake:2  | Reached skill level 8 in Fighting
 32848 | Snake:2  | Reached skill level 17 in Ranged Weapons
 32908 | Snake:2  | Noticed a nagaraja
 32933 | Snake:2  | Killed a nagaraja
 33267 | Snake:2  | Noticed a nagaraja
 33272 | Snake:2  | Killed a nagaraja
 33406 | Snake:3  | Noticed Saint Roka
 33406 | Snake:3  | Noticed Aizul
 33676 | Snake:3  | Killed Aizul
 33795 | Snake:3  | Reached skill level 9 in Fighting
 33815 | Snake:3  | Noticed Jorgrun
 33835 | Snake:3  | HP: 62/124 [poisoned by a naga ritualist (toxic radiance)]
 33840 | Snake:3  | HP: 57/124 [poisoned by a naga ritualist (toxic radiance)]
 33845 | Snake:2  | HP: 59/124 [poisoned by a naga ritualist (toxic radiance)]
 34132 | Snake:3  | Killed Jorgrun
 34297 | Snake:3  | Reached XP level 16. HP: 132/132 MP: 19/19
 34721 | Snake:4  | Entered Level 4 of the Snake Pit
 34947 | Snake:3  | HP: 62/134 [Saint Roka/divine providence (14)]
 34953 | Snake:3  | HP: 60/134 [Saint Roka/divine providence (9)]
 34960 | Snake:3  | HP: 49/134 [Saint Roka/divine providence (11)]
 34962 | Snake:3  | Killed Saint Roka
 34963 | Snake:3  | Reached skill level 10 in Fighting
 35060 | Snake:4  | Reached skill level 18 in Ranged Weapons
 35891 | Snake:4  | HP: 53/134 [naga warrior/+0 trident (19)]
 36050 | Snake:4  | Reached skill level 19 in Ranged Weapons
 36377 | Snake:4  | HP: 56/134 [nagaraja/bolt of poison (34)]
 36381 | Snake:4  | HP: 25/134 [poisoned by a nagaraja (bolt of poison)]
 36386 | Snake:4  | HP: 20/134 [poisoned by a nagaraja (bolt of poison)]
 36391 | Snake:4  | HP: 22/134 [poisoned by a nagaraja (bolt of poison)]
 36530 | Snake:4  | Got a serpentine rune of Zot
 36832 | Swamp:1  | Entered Level 1 of the Swamp
 36846 | Swamp:1  | Noticed Louise
 36887 | Swamp:1  | Killed Louise
 37330 | Swamp:1  | Reached skill level 20 in Ranged Weapons
 37848 | Swamp:2  | Identified the +2 cloak of the Barracuda {Will++ Stlth+}
 38087 | Swamp:3  | Reached XP level 17. HP: 140/140 MP: 20/20
 38219 | Swamp:3  | Reached skill level 9 in Stealth
 38743 | Swamp:4  | Entered Level 4 of the Swamp
 38745 | Swamp:4  | Reached skill level 13 in Dodging
 38750 | Swamp:3  | HP: 70/140 [poisoned by a swamp dragon (poison gas)]
 38755 | Swamp:3  | HP: 62/140 [poisoned by a swamp dragon (poison gas)]
 38760 | Swamp:3  | HP: 61/140 [poisoned by a swamp dragon (poison gas)]
 39163 | Swamp:4  | HP: 70/140 [poison (poison gas)]
 39168 | Swamp:4  | HP: 67/140 [poison (poison gas)]
 39354 | Swamp:4  | Identified a scroll of acquirement
 39357 | Swamp:4  | Acquired a +2 triple crossbow of freezing
 39428 | Swamp:4  | Reached skill level 10 in Stealth
 39611 | Swamp:4  | Got a decaying rune of Zot
 40040 | Vaults:1 | Entered Level 1 of the Vaults
 40100 | D:13     | Killed Erolcha
 40612 | Vaults:1 | HP: 58/140 [vault guard/+0 bardiche[a vault warden] (15)]
 40619 | Vaults:1 | HP: 54/140 [vault guard/+0 bardiche[a vault warden] (10)]
 40710 | Vaults:1 | Reached skill level 21 in Ranged Weapons
 41117 | Vaults:1 | Found a portal to a secret trove of treasure.
 43099 | Vaults:3 | Reached XP level 18. HP: 118/147 MP: 15/21
 43190 | Vaults:3 | Found a staircase to the Crypt.
 43244 | Vaults:3 | Reached skill level 22 in Ranged Weapons
 43744 | Vaults:3 | HP: 71/147 [troll[an orc knight] (3)]
 44061 | Vaults:3 | HP: 62/147 [vault warden/+1 long sword of flaming (14)]
 44544 | Vaults:4 | Found a crumbling gateway.
 44572 | Desolati | Entered the Desolation of Salt
 44608 | Desolati | Reached skill level 23 in Ranged Weapons
 44900 | Desolati | HP: 67/147 [halazid warlock/bolt of cold (23)]
 45004 | Desolati | Found the +9 staff of Olgreb {rPois∞}
 45009 | Desolati | Identified the +6 broad axe of Yredelemnul's Favour
                  | {vorpal, rCorr Str+4}
 45024 | Desolati | Identified the +6 morningstar of Wunecawk {freeze, Fly
                  | rElec Will+ Int-5}
 45421 | Desolati | Identified the ring "Qomur" {rF+ rN+}
 45430 | Desolati | Got the Catalogue of Excavation and Feathers
 45438 | Desolati | Learned a level 3 spell: Swiftness
 45739 | Desolati | HP: 103/220 [guardian serpent (8)]
 45744 | Desolati | HP: 64/147 [poisoned by a guardian serpent (bolt of
                  | poison)]
 45929 | Desolati | Identified the ring "Gaucrogo" {*Corrode rElec rF+ Will+
                  | Stlth+}
 46218 | Desolati | Reached skill level 24 in Ranged Weapons
 46394 | Vaults:4 | Noticed Bai Suzhen
 46870 | Vaults:4 | HP: 65/147 [war gargoyle/+0 flail[a peacekeeper] (22)]
 47077 | Vaults:4 | Reached XP level 19. HP: 129/154 MP: 22/22
 48039 | Depths:1 | Entered Level 1 of the Depths
 48128 | Depths:1 | Noticed Margery
 48137 | D:15     | HP: 69/154 [hell knight/+4 long sword[Margery] (24)]
 48343 | Depths:1 | Killed Margery
 48500 | Depths:1 | Found a gateway to Hell.
 48856 | Depths:1 | Found a large runed translucent door.
 48857 | Depths:1 | Found a large runed translucent door.
 48859 | Depths:1 | Noticed Tuashofa's ghost (adept FeVM)
 48893 | Depths:1 | Found a one-way gate to the infinite horrors of the Abyss.
 48964 | Depths:1 | Reached skill level 25 in Ranged Weapons
 49446 | Depths:2 | Noticed a caustic shrike
 49446 | Depths:2 | Noticed a caustic shrike
 49446 | Depths:2 | Noticed a caustic shrike
 49509 | Depths:2 | Paralysed by a floating eye for 2 turns
 49514 | Depths:2 | Paralysed by a floating eye for 2 turns
 49639 | Depths:2 | Found a one-way gate leading to the halls of Pandemonium.
 49800 | Depths:2 | HP: 70/154 [fire giant/fireball (27)]
 49806 | Depths:2 | HP: 61/154 [spark wasp (21)]
 49812 | Depths:2 | HP: 36/154 [ice dragon/blast of cold (4)]
 50428 | Depths:2 | Noticed a caustic shrike
 50435 | Depths:2 | Killed a caustic shrike
 50444 | Depths:2 | HP: 55/154 [poisoned by a death drake (dark miasma)]
 50447 | Depths:2 | HP: 21/154 [poisoned by a death drake (dark miasma)]
 50450 | Depths:2 | HP: 10/154 [poisoned by a death drake (dark miasma)]
 50608 | Depths:2 | HP: 73/154 [sphinx (5)]
 50823 | Depths:2 | Noticed a caustic shrike
 50830 | Depths:2 | HP: 73/154 [spark wasp (5)]
 50831 | Depths:2 | Killed a caustic shrike
 51066 | Depths:2 | Noticed a caustic shrike
 51202 | Depths:2 | Killed a caustic shrike
 51291 | Depths:2 | Reached skill level 26 in Ranged Weapons
 51504 | Depths:2 | Killed a caustic shrike
 51611 | Depths:2 | Noticed a caustic shrike
 51627 | Depths:2 | HP: 74/154 [deep troll (8)]
 51629 | Depths:2 | HP: 34/154 [acid (4)]
 51925 | Depths:2 | Reached skill level 1 in Air Magic
 51942 | Depths:2 | Reached skill level 1 in Translocations
 51995 | Depths:2 | Killed a caustic shrike
 51998 | Depths:2 | Killed a caustic shrike
 52000 | Depths:2 | Killed a caustic shrike
 52036 | Depths:2 | Reached skill level 2 in Air Magic
 52058 | Depths:2 | Reached skill level 2 in Translocations
 52192 | Depths:2 | Reached XP level 20. HP: 162/162 MP: 24/24
 52299 | Depths:2 | Reached skill level 3 in Air Magic
 52326 | Depths:2 | Reached skill level 3 in Translocations
 52461 | Depths:2 | Identified the +0 chain mail of the Silversmith {Rampage
                  | *Corrode Dex+8 Stlth-}
 52576 | Depths:3 | Found a one-way gateway to a ziggurat.
 52929 | Depths:3 | Found a magical portal.
 52964 | WizLab   | Entered Wucad Mu's Monastery
 53247 | WizLab   | Reached skill level 4 in Translocations
 53247 | WizLab   | Reached skill level 4 in Air Magic
 53247 | WizLab   | Reached XP level 21. HP: 169/169 MP: 25/25
 53379 | Depths:3 | Reached skill level 5 in Air Magic
 53381 | Depths:3 | Reached skill level 5 in Translocations
 53403 | Depths:2 | Reached skill level 11 in Fighting
 53466 | Depths:3 | Noticed a golden dragon
 53493 | Depths:3 | Identified the ring "Adesmuetrone" {rN+ SInv}
 53504 | Depths:3 | Identified the +5 kite shield of the Rose {-Cast Rampage
                  | rC+ Str+6}
 53528 | Depths:3 | Reached skill level 14 in Dodging
 53539 | Depths:3 | HP: 81/171 [polar bear[a glowing orange brain] (14)]
 53755 | Depths:2 | HP: 85/171 [spriggan defender/+1 demon whip of
                  | electrocution (4)]
 54035 | Depths:3 | Killed a golden dragon
 54395 | Depths:3 | Reached skill level 6 in Air Magic
 54436 | Depths:3 | Reached skill level 6 in Translocations
 54523 | Depths:3 | Noticed a juggernaut
 54525 | Depths:3 | Killed a juggernaut
 54624 | Depths:3 | Noticed a caustic shrike
 54627 | Depths:3 | Reached skill level 12 in Fighting
 54636 | Depths:3 | Killed a caustic shrike
 54643 | Depths:3 | Noticed a golden dragon
 54646 | Depths:3 | HP: 69/174 [spriggan air mage/the air (21)]
 54676 | Depths:3 | HP: 81/174 [spriggan defender/+2 demon whip of draining
                  | (3)]
 55492 | Depths:3 | Killed a golden dragon
 55512 | Depths:4 | Entered Level 4 of the Depths
 55651 | Depths:4 | Reached skill level 7 in Air Magic
 55657 | Depths:4 | Reached skill level 7 in Translocations
 56038 | Depths:4 | Reached skill level 13 in Fighting
 56238 | Depths:4 | Found Pyrph's Antique Armour Shoppe.
 56244 | Depths:4 | Bought a pair of polished boots for 351 gold pieces
 56244 | Depths:4 | Identified the +1 pair of boots "Ajatren" {-Tele rC+ rCorr
                  | Dex+2} (You bought it in a shop on level 4 of the Depths)
 56319 | Depths:4 | Found a gate to the Realm of Zot.
 56751 | Depths:4 | Noticed a caustic shrike
 56753 | Depths:4 | Noticed a caustic shrike
 56777 | Depths:4 | Noticed a caustic shrike
 56778 | Depths:4 | Noticed a caustic shrike
 56785 | Depths:4 | Killed a caustic shrike
 56798 | Depths:4 | Noticed a caustic shrike
 56802 | Depths:4 | Killed a caustic shrike
 56803 | Depths:4 | Reached XP level 22. HP: 187/187 MP: 26/26
 56807 | Depths:4 | Killed a caustic shrike
 56808 | Depths:4 | Reached skill level 15 in Dodging
 56812 | Depths:4 | Killed a caustic shrike
 56816 | Depths:4 | Killed a caustic shrike
 56817 | Depths:4 | Reached skill level 8 in Translocations
 56817 | Depths:4 | Reached skill level 8 in Air Magic
 57029 | Depths:3 | Identified the +0 leather armour "Keips" {rPois rN+++ Str-5
                  | Slay+6}
 57279 | Elf:1    | Entered Level 1 of the Elven Halls
 57526 | D:10     | Killed greasedhog's ghost
 57682 | Orc:2    | Killed berneep's ghost
 57689 | Orc:2    | Killed giganojonis's ghost
 57690 | Orc:2    | Reached skill level 14 in Fighting
 57711 | Orc:2    | Identified the +1 robe "Oceronach" {Rampage rF++ Str-4
                  | Int+4}
 57766 | Orc:2    | Acquired 682 gold pieces
 57768 | Orc:2    | Acquired the +11 triple crossbow of Ignis's Inspiration
                  | {vorpal, Drain rElec Str+2 Dex+4}
 58083 | D:5      | Bought Great Wizards, Vol. VII for 390 gold pieces
 58088 | D:5      | Learned a level 4 spell: Passage of Golubria
 58253 | Elf:1    | Got the Omnibus of Assembling
 58452 | Elf:1    | Noticed Kirke
 58454 | Elf:1    | Found a runed translucent gate.
 58464 | Elf:1    | Killed Kirke
 58752 | Elf:1    | Found a runed translucent gate.
 58753 | Elf:1    | Found a runed translucent gate.
 58754 | Elf:1    | Found Heohouch's Assorted Antiques.
 58754 | Elf:1    | Noticed Eciono's ghost (adept GnDe)
 58776 | Elf:1    | Killed Eciono's ghost
 58834 | Elf:1    | Bought a wand of digging (6) for 756 gold pieces
 58834 | Elf:1    | Bought a scroll of magic mapping for 225 gold pieces
 58834 | Elf:1    | Bought a scroll of teleportation for 90 gold pieces
 58834 | Elf:1    | Bought a scroll of enchant armour for 225 gold pieces
 58834 | Elf:1    | Bought a scroll of blinking for 225 gold pieces
 59021 | Elf:2    | Found a runed translucent gate.
 59021 | Elf:2    | Found a runed translucent gate.
 59022 | Elf:2    | Found a runed translucent gate.
 59183 | Elf:2    | Reached skill level 9 in Translocations
 59183 | Elf:2    | Reached skill level 9 in Air Magic
 59520 | Elf:2    | Reached skill level 15 in Fighting
 59784 | Elf:3    | Entered Level 3 of the Elven Halls
 60527 | Elf:3    | Found Vasmoyn's Jewellery Shoppe.
 60612 | Elf:3    | Reached skill level 16 in Dodging
 60636 | Elf:3    | Reached skill level 10 in Translocations
 60639 | Elf:3    | Reached skill level 10 in Air Magic
 60706 | Elf:3    | Identified the +6 spear "Sokoej" {venom, Contam Drain rElec
                  | Stlth+}
 60720 | Elf:3    | Noticed Nikola
 60872 | Elf:3    | Identified the +2 rapier "Hiacrux" {vorpal, rElec rF+++
                  | Will+ Str-3}
 60872 | Elf:3    | Identified the +10 short sword "Qiodyluh" {protect, Dex+4}
 60872 | Elf:3    | Identified the amulet of the Final Decision {Regen+ Int-3
                  | Dex+9}
 60885 | Elf:3    | Killed Nikola
 60959 | Elf:3    | Identified the +1 ring mail of Altruism {Will+ Dex+4}
 60986 | Elf:3    | Got the Parchment of Imprecation and the Geologist
 61424 | Depths:3 | Reached skill level 16 in Fighting
 61666 | Crypt:1  | Entered Level 1 of the Crypt
 61853 | Crypt:1  | Reached XP level 23. HP: 202/202 MP: 27/27
 61860 | Crypt:1  | You fall into a shaft and drop 1 floor!
 62135 | Crypt:1  | Found a transporter.
 62138 | Crypt:1  | Found a transporter.
 62139 | Crypt:1  | Noticed Ujofet's ghost (veteran MiGl)
 62470 | Crypt:2  | Reached skill level 11 in Translocations
 62852 | Crypt:2  | Noticed Vv
 62869 | Crypt:2  | Killed Vv
 63942 | Crypt:3  | Entered Level 3 of the Crypt
 63953 | Crypt:3  | Reached skill level 17 in Dodging
 64027 | Crypt:3  | Reached skill level 17 in Fighting
 64102 | Crypt:3  | Noticed an ancient lich
 64105 | Crypt:3  | Killed an ancient lich
 64106 | Crypt:3  | Reached skill level 12 in Translocations
 64405 | Crypt:3  | HP: 78/205 [??? (40)]
 64417 | Crypt:3  | HP: 41/205 [??? (20)]
 64562 | Crypt:3  | Noticed a dread lich
 64663 | Crypt:3  | Found a staircase to the Tomb.
 64971 | Crypt:3  | Killed a dread lich
 64984 | Crypt:3  | Identified the +0 battleaxe "Fafy" {drain, Contam rPois
                  | MP+9 Int+5}
 64985 | Crypt:3  | Identified the amulet "Yskearr" {rElec rPois rC+ Regen+
                  | Stlth-}
 64985 | Crypt:3  | Identified the ring of the Briny Deep {rN+ Dex+7}
 64985 | Crypt:3  | Identified the ring of Dutuirur {rElec rC+ rN+ MP+9 Str+3}
 65007 | Crypt:3  | Learned a level 6 spell: Dispersal
 65467 | Slime:1  | Entered Level 1 of the Pits of Slime
 65600 | Slime:3  | Reached skill level 11 in Air Magic
 65796 | Slime:5  | Entered Level 5 of the Pits of Slime
 65955 | Slime:5  | Reached skill level 11 in Stealth
 66039 | Slime:5  | Noticed the Royal Jelly
 66050 | Slime:5  | Killed the Royal Jelly
 66075 | Slime:5  | Reached skill level 12 in Air Magic
 66088 | Slime:5  | Reached skill level 18 in Dodging
 66201 | Slime:5  | Reached skill level 13 in Translocations
 66201 | Slime:5  | Reached XP level 24. HP: 194/214 MP: 27/27
 66298 | Slime:5  | Identified the +6 scimitar "Cotemiag" {elec, rPois rCorr
                  | Str+5}
 66320 | Slime:5  | Identified the +2 rapier "Starlight" {vorpal, *Slow Fragile
                  | rC+ Dex+7}
 66356 | Slime:5  | Identified the +0 ring mail of Free Expression {Str+8 SInv
                  | Stlth-}
 66360 | Slime:5  | Identified the ring "Qaigeezaes" {Fire rPois rN+ Str-5
                  | Stlth+}
 66383 | Slime:5  | Got a slimy rune of Zot
 66963 | D:11     | Bought a scroll of enchant weapon for 105 gold pieces
 66963 | D:11     | Bought a scroll of fog for 56 gold pieces
 67144 | Depths:1 | Killed Tuashofa's ghost
 67414 | Vaults:4 | Killed Bai Suzhen
 67427 | Vaults:5 | Entered Level 5 of the Vaults
 67445 | Vaults:5 | Noticed an ancient lich
 67457 | Vaults:5 | Killed an ancient lich
 67517 | Vaults:5 | Reached skill level 12 in Stealth
 67661 | Vaults:5 | Identified the ring "Umniher" {AC+4 Str+5}
 67719 | Vaults:5 | Learned a level 2 spell: Blink
 67751 | Vaults:5 | Noticed Mara
 67756 | Vaults:5 | Killed Mara
 67900 | Vaults:5 | Reached skill level 13 in Stealth
 67953 | Vaults:5 | Noticed an ancient lich
 67954 | Vaults:5 | Killed an ancient lich
 67955 | Vaults:5 | Reached skill level 19 in Dodging
 68133 | Vaults:5 | Identified the +1 pair of boots "Tenenguvua" {Dex+4}
 68147 | Vaults:5 | Got a silver rune of Zot
 68182 | Vaults:5 | Noticed an ancient lich
 68186 | Vaults:5 | Killed an ancient lich
 68305 | Vaults:5 | Reached skill level 14 in Stealth
 68579 | Vaults:5 | Noticed a dread lich
 68586 | Vaults:5 | Killed a dread lich
 68617 | Vaults:5 | Reached skill level 15 in Stealth
 68621 | Vaults:5 | Reached skill level 20 in Dodging
 68938 | Vaults:5 | Identified the +2 leather armour "Roruf" {rPois rF- Str+6
                  | Dex+4}
 69014 | Vaults:5 | Identified the ring "Guucol" {Wiz rElec rPois}
 69035 | Vaults:5 | Identified the +8 shortbow of Theory {freeze, rElec Int+2}
 69035 | Vaults:5 | Identified the ring "Soobb" {rC+ Str+3}
 69540 | Zot:1    | Entered Level 1 of the Realm of Zot
 69681 | Zot:1    | Reached XP level 25. HP: 221/221 MP: 27/27
 70515 | Zot:1    | Reached skill level 27 in Ranged Weapons
 71414 | Zot:1    | Reached skill level 18 in Fighting
 71764 | Zot:2    | Noticed an orb of fire
 71777 | Zot:2    | Killed an orb of fire
 71921 | Zot:2    | Reached skill level 14 in Translocations
 72599 | Zot:3    | Reached skill level 19 in Fighting
 72927 | Zot:3    | Identified the +6 scale mail of Beogh's Envy {rN+}
 72942 | Zot:3    | Reached skill level 15 in Translocations
 73565 | Zot:4    | Noticed an orb of fire
 73568 | Zot:4    | Killed an orb of fire
 73795 | Zot:4    | Identified the +7 long sword "Hienah" {freeze, rN+ Stlth+}
 73838 | Zot:4    | Reached XP level 26. HP: 237/237 MP: 27/27
 74061 | Zot:4    | Reached skill level 16 in Translocations
 74069 | Zot:4    | Reached skill level 20 in Fighting
 74445 | Zot:4    | Found a transporter.
 74498 | Zot:4    | Found a transporter.
 74781 | Zot:4    | Found a transporter.
 74809 | Zot:4    | Found a transporter.
 74995 | Zot:5    | Entered Level 5 of the Realm of Zot
 75655 | Zot:5    | Noticed an orb of fire
 75656 | Zot:5    | Noticed an orb of fire
 75659 | Zot:5    | Noticed an orb of fire
 75662 | Zot:5    | Reached skill level 17 in Translocations
 75663 | Zot:5    | Killed an orb of fire
 75666 | Zot:5    | Killed an orb of fire
 75668 | Zot:5    | Noticed an orb of fire
 75669 | Zot:5    | Noticed an ancient lich
 75672 | Zot:5    | Killed an orb of fire
 75677 | Zot:5    | Killed an ancient lich
 75678 | Zot:5    | Killed an orb of fire
 75680 | Zot:5    | Reached skill level 21 in Fighting
 75683 | Zot:5    | Noticed a dread lich
 75683 | Zot:5    | Noticed a dread lich
 75685 | Zot:5    | Noticed a dread lich
 75694 | Zot:5    | Killed a dread lich
 75697 | Zot:5    | Killed a dread lich
 75699 | Zot:5    | Killed a dread lich
 75777 | Zot:5    | Noticed a dread lich
 75780 | Zot:5    | Killed a dread lich
 75802 | Zot:5    | Noticed an ancient lich
 75803 | Zot:5    | Killed an ancient lich
 75805 | Zot:5    | Identified the +9 long sword of Spontaneous Combustion
                  | {distort, rC++ MP+9 Str+2}
 75864 | Zot:5    | Reached skill level 18 in Translocations
 75991 | Zot:5    | Reached skill level 22 in Fighting
 76473 | Hell     | Entered the Vestibule of Hell
 76473 | Hell     | Noticed Geryon
 76554 | Hell     | Killed Geryon
 76565 | Hell     | HP: 105/248 [reaper/+1 vorpal scythe (25)]
 76570 | Depths:4 | HP: 83/248 [poisoned by a reaper]
 76575 | Depths:4 | HP: 84/248 [poisoned by a reaper]
 76780 | Hell     | Reached XP level 27. HP: 256/256 MP: 27/27
 76788 | Hell     | Gained mutation: You occasionally lose the ability to drink
                  | potions when taking damage. [mutagenic glow]
 76795 | Hell     | Gained mutation: Armour fits poorly on your strangely
                  | shaped body. [mutagenic glow]
 76824 | Hell     | Gained mutation: You are mostly covered in iridescent
                  | scales. (AC +4) [mutagenic glow]
 76865 | Hell     | Found a gateway to the freezing wastes of Cocytus.
 76929 | Hell     | Found a gateway to the Iron City of Dis.
 77060 | Hell     | Reached skill level 23 in Fighting
 77060 | Hell     | Found a gateway to the ashen valley of Gehenna.
 77151 | Hell     | Found a gateway to the decaying netherworld of Tartarus.
 77468 | Depths:1 | Voluntarily entered the Abyss.
 77957 | Abyss:1  | Noticed an ancient lich
 77960 | Abyss:1  | Killed an ancient lich
 78534 | Abyss:3  | Reached skill level 21 in Dodging
 78568 | Abyss:3  | Identified the +8 tower shield "Earthly Heaven" {Int+4}
 78589 | Abyss:3  | Paralysed by accursed screaming for 2 turns
 78591 | Abyss:3  | HP: 128/259 [daeva/divine providence (13)]
 78596 | Abyss:3  | HP: 105/259 [starcursed mass/accursed screaming (8)]
 78597 | Abyss:3  | Paralysed by accursed screaming for 1 turns
 78612 | Abyss:3  | Got an abyssal rune of Zot
 78612 | Abyss:3  | HP: 119/259 [starcursed mass/accursed screaming (7)]
 78622 | Abyss:3  | HP: 117/259 [tengu reaver/+1 vampiric war axe (5)]
 78847 | Depths:1 | Escaped the Abyss
 79058 | Depths:3 | Learned a level 8 spell: Necromutation
 79059 | Zig:1    | Entered Level 1 of a ziggurat
 79075 | Zig:2    | Entered Level 2 of a ziggurat
 79078 | Zig:2    | Reached skill level 1 in Necromancy
 79078 | Zig:2    | Reached skill level 1 in Transmutations
 79094 | Zig:3    | Entered Level 3 of a ziggurat
 79103 | Zig:3    | Identified the +7 halberd of Honour {vorpal, rN+ Dex+3}
 79107 | Zig:3    | Identified the +8 sling of Uskayaw's Castigation {freeze,
                  | rC++ Str-4 Int+3 SInv}
 79110 | Zig:4    | Entered Level 4 of a ziggurat
 79132 | Zig:4    | Identified the +1 cloak of Exclusion {-Cast rC++ rCorr
                  | SInv}
 79135 | Zig:5    | Entered Level 5 of a ziggurat
 79139 | Zig:5    | Reached skill level 2 in Necromancy
 79141 | Zig:5    | Reached skill level 2 in Transmutations
 79143 | Zig:5    | Reached skill level 22 in Dodging
 79171 | Zig:5    | Got the Disquisition on the Nimbus and Sculpting
 79284 | Zig:6    | Entered Level 6 of a ziggurat
 79294 | Zig:6    | Reached skill level 3 in Necromancy
 79294 | Zig:6    | Reached skill level 3 in Transmutations
 79323 | Zig:7    | Entered Level 7 of a ziggurat
 79368 | Zig:8    | Entered Level 8 of a ziggurat
 79383 | Zig:8    | HP: 101/259 [flayed ghost/flay_damage[a mummy priest] (32)]
 79527 | Depths:3 | Voluntarily entered the Abyss.
 79538 | Abyss:4  | Reached skill level 4 in Necromancy
 79538 | Abyss:4  | Reached skill level 4 in Transmutations
 79678 | Abyss:4  | Reached skill level 5 in Necromancy
 79678 | Abyss:4  | Reached skill level 5 in Transmutations
 79816 | Abyss:4  | Reached skill level 6 in Necromancy
 79816 | Abyss:4  | Reached skill level 6 in Transmutations
 79953 | Abyss:4  | Reached skill level 7 in Necromancy
 79996 | Abyss:4  | Reached skill level 7 in Transmutations
 80200 | Abyss:4  | Reached skill level 8 in Necromancy
 80202 | Abyss:4  | Reached skill level 8 in Transmutations
 80486 | Abyss:4  | Reached skill level 9 in Necromancy
 80487 | Abyss:4  | Reached skill level 9 in Transmutations
 80813 | Abyss:4  | Reached skill level 10 in Necromancy
 80863 | Abyss:4  | Reached skill level 10 in Transmutations
 81176 | Abyss:4  | Reached skill level 11 in Necromancy
 81213 | Abyss:4  | Reached skill level 11 in Transmutations
 81615 | Abyss:4  | Reached skill level 12 in Necromancy
 81615 | Abyss:4  | Reached skill level 12 in Transmutations
 81681 | Depths:3 | Escaped the Abyss
 81766 | Depths:3 | Voluntarily entered the Abyss.
 82023 | Abyss:4  | Reached skill level 13 in Necromancy
 82023 | Abyss:4  | Reached skill level 13 in Transmutations
 82609 | Abyss:4  | Reached skill level 14 in Necromancy
 82609 | Abyss:4  | Reached skill level 14 in Transmutations
 83071 | Abyss:4  | Reached skill level 15 in Necromancy
 83071 | Abyss:4  | Reached skill level 15 in Transmutations
 83223 | Abyss:4  | Reached skill level 16 in Necromancy
 83290 | Abyss:4  | HP: 123/259 [tentacled starspawn (8)]
 83297 | Abyss:4  | HP: 91/259 [tentacled starspawn (25)]
 83300 | Depths:3 | Escaped the Abyss
 83440 | Depths:3 | Voluntarily entered the Abyss.
 83559 | Abyss:4  | Paralysed by accursed screaming for 1 turns
 83630 | Abyss:4  | Reached skill level 17 in Necromancy
 83958 | Abyss:4  | Noticed a dread lich
 83964 | Abyss:4  | Killed a dread lich
 83965 | Abyss:4  | Reached skill level 18 in Necromancy
 84231 | Abyss:4  | Reached skill level 19 in Necromancy
 84537 | Abyss:4  | Reached skill level 20 in Necromancy
 84892 | Abyss:4  | Noticed an ancient lich
 84895 | Abyss:4  | Killed an ancient lich
 84909 | Abyss:4  | Reached skill level 21 in Necromancy
 85442 | Abyss:4  | Reached skill level 22 in Necromancy
 85891 | Abyss:4  | Noticed a dread lich
 85894 | Abyss:4  | Killed a dread lich
 86009 | Abyss:4  | Reached skill level 23 in Necromancy
 86240 | Depths:3 | Escaped the Abyss
 86560 | Depths:3 | Voluntarily entered the Abyss.
 86793 | Abyss:4  | Reached skill level 24 in Necromancy
 87544 | Abyss:4  | Reached skill level 25 in Necromancy
 88143 | Abyss:4  | Reached skill level 26 in Necromancy
 88168 | Abyss:4  | Noticed a dread lich
 88170 | Abyss:4  | Killed a dread lich
 88692 | Abyss:5  | Reached skill level 27 in Necromancy
 88716 | Abyss:5  | Reached skill level 1 in Spellcasting
 88795 | Abyss:5  | Reached skill level 2 in Spellcasting
 88910 | Abyss:5  | Reached skill level 3 in Spellcasting
 89038 | Abyss:6  | Reached skill level 4 in Spellcasting
 89050 | Abyss:6  | Paralysed by accursed screaming for 1 turns
 89055 | Depths:3 | Escaped the Abyss
 89230 | Depths:3 | Learned a level 8 spell: Borgnjor's Revivification
 89231 | Depths:3 | Voluntarily entered the Abyss.
 89285 | Abyss:6  | Reached skill level 5 in Spellcasting
 89356 | Abyss:6  | Reached skill level 16 in Transmutations
 89414 | Abyss:6  | HP: 120/259 [smoke demon/divine providence (10)]
 89420 | Abyss:6  | HP: 114/259 [thrashing horror (6)]
 89424 | Abyss:7  | Entered Level 7 of the Abyss
 89433 | Abyss:7  | HP: 114/259 [sixfirhy[a cacodemon] (4)]
 89440 | Abyss:7  | HP: 97/259 [sixfirhy[a cacodemon] (5)]
 89452 | Abyss:7  | Reached skill level 6 in Spellcasting
 89465 | Abyss:7  | HP: 82/259 [spatial maelstrom (8)]
 89474 | Abyss:7  | HP: 52/259 [starcursed mass/accursed screaming (11)]
 89478 | Abyss:7  | Noticed a dread lich
 89514 | Depths:3 | Escaped the Abyss
 89830 | Vaults:1 | You paid a toll of 4 scrolls of fear to enter a treasure
                  | trove
 89831 | Trove    | Entered a treasure trove
 89849 | Trove    | Identified the +8 long sword "Hake" {flame, rF++ Will+}
 90578 | Dis:1    | Entered Level 1 of the Iron City of Dis
 90800 | Dis:2    | Reached skill level 7 in Spellcasting
 90879 | Dis:3    | HP: 125/259 [??? (65)]
 91105 | Dis:4    | Reached skill level 17 in Transmutations
 91120 | Dis:4    | Reached skill level 8 in Spellcasting
 91388 | Dis:5    | Reached skill level 9 in Spellcasting
 91570 | Dis:6    | HP: 127/259 [war gargoyle/+1 great mace of holy wrath (39)]
 91837 | Dis:6    | Reached skill level 18 in Transmutations
 91840 | Dis:6    | HP: 117/234 [Hell Sentinel/damnation (36)]
 92007 | Dis:7    | Entered Level 7 of the Iron City of Dis
 92023 | Dis:7    | Reached skill level 10 in Spellcasting
 92574 | Dis:7    | Reached skill level 11 in Spellcasting
 92690 | Dis:7    | Reached skill level 19 in Transmutations
 92798 | Dis:7    | Noticed a juggernaut
 92816 | Dis:7    | Killed a juggernaut
 93019 | Dis:7    | Reached skill level 12 in Spellcasting
 93076 | Dis:7    | Noticed a juggernaut
 93082 | Dis:7    | Killed a juggernaut
 93548 | Dis:7    | Noticed a juggernaut
 93551 | Dis:7    | Killed a juggernaut
 93564 | Dis:7    | Found the +4 staff of Dispater
 93564 | Dis:7    | Noticed Dispater
 93572 | Dis:7    | Killed Dispater
 93597 | Dis:7    | Got the Octavo of the Warrior-Mage
 93601 | Dis:7    | Got an iron rune of Zot
 93841 | Tar:1    | Entered Level 1 of Tartarus
 93941 | Tar:1    | Reached skill level 13 in Spellcasting
 93941 | Tar:1    | Reached skill level 20 in Transmutations
 94067 | Tar:2    | Learned a level 9 spell: Death's Door
 94848 | Tar:4    | HP: 106/237 [poison (dark miasma)]
 94853 | Tar:4    | HP: 52/241 [poison (dark miasma)]
 94992 | Tar:4    | Found a huge runed gate.
 94992 | Tar:4    | Found a huge runed gate.
 94992 | Tar:4    | Found a huge runed gate.
 94992 | Tar:4    | Found a huge runed gate.
 94993 | Tar:4    | Found a huge runed gate.
 94993 | Tar:4    | Found a huge runed gate.
 94994 | Tar:4    | Found a huge runed gate.
 94995 | Tar:4    | Found a huge runed gate.
 94995 | Tar:4    | Found a huge runed gate.
 94995 | Tar:4    | Found a huge runed gate.
 95001 | Tar:4    | Found a huge runed gate.
 95001 | Tar:4    | Found a huge runed gate.
 95001 | Tar:4    | Found a huge runed gate.
 95001 | Tar:4    | Found a huge runed gate.
 95001 | Tar:4    | Found a huge runed gate.
 95001 | Tar:4    | Found a huge runed gate.
 95002 | Tar:4    | Found a huge runed gate.
 95003 | Tar:4    | Found a huge runed gate.
 95004 | Tar:4    | Found a huge runed gate.
 95017 | Tar:4    | Found a huge runed gate.
 95017 | Tar:4    | Found a huge runed gate.
 95017 | Tar:4    | Found a huge runed gate.
 95017 | Tar:4    | Found a huge runed gate.
 95017 | Tar:4    | Found a huge runed gate.
 95017 | Tar:4    | Found a huge runed gate.
 95018 | Tar:4    | Found a huge runed gate.
 95019 | Tar:4    | Found a huge runed gate.
 95036 | Tar:4    | Reached skill level 24 in Fighting
 95052 | Tar:4    | Found a huge runed gate.
 95082 | Tar:4    | Reached skill level 14 in Spellcasting
 95209 | Tar:4    | Found a huge runed gate.
 95209 | Tar:4    | Found a huge runed gate.
 95210 | Tar:4    | Found a huge runed gate.
 95212 | Tar:4    | Found a huge runed gate.
 95303 | Tar:4    | Found a huge runed gate.
 95304 | Tar:4    | Found a huge runed gate.
 95305 | Tar:4    | Found a huge runed gate.
 95306 | Tar:4    | Found a huge runed gate.
 95447 | Tar:5    | HP: 98/251 [Tzitzimitl/dispel undead[a doom hound] (55)]
 95459 | Tar:5    | HP: 116/233 [poisoned by a tainted leviathan (dark miasma)]
 95461 | Tar:5    | HP: 53/233 [tainted leviathan] (10)]
 95466 | Tar:5    | HP: 42/236 [poisoned by a tainted leviathan (dark miasma)]
 95608 | Tar:1    | Lost intelligence.
 96011 | Tar:6    | Noticed a juggernaut
 96019 | Tar:6    | Killed a juggernaut
 96035 | Tar:6    | Noticed a juggernaut
 96038 | Tar:6    | Killed a juggernaut
 96100 | Tar:6    | Noticed a juggernaut
 96107 | Tar:6    | Killed a juggernaut
 96180 | Tar:6    | Lost mutation: You are vulnerable to heat. (rF-) [potion of
                  | mutation]
 96180 | Tar:6    | Lost mutation: You occasionally lose the ability to drink
                  | potions when taking damage. [potion of mutation]
 96181 | Tar:6    | Lost mutation: You are somewhat resistant to further
                  | mutation. [potion of mutation]
 96181 | Tar:6    | Lost mutation: You are mostly covered in iridescent scales.
                  | (AC +4) [potion of mutation]
 96181 | Tar:6    | Lost mutation: You are partially covered in iridescent
                  | scales. (AC +2) [potion of mutation]
 96181 | Tar:6    | Gained mutation: You have sharp fingernails. [potion of
                  | mutation]
 96181 | Tar:6    | Gained mutation: You have large cloven feet. [potion of
                  | mutation]
 96181 | Tar:6    | Gained mutation: Your mind is acute. (Int +4, Str/Dex -1)
                  | [potion of mutation]
 96182 | Tar:6    | Lost mutation: You have sharp fingernails. [potion of
                  | mutation]
 96182 | Tar:6    | Lost mutation: Armour fits poorly on your strangely shaped
                  | body. [potion of mutation]
 96182 | Tar:6    | Lost mutation: You have large cloven feet. [potion of
                  | mutation]
 96182 | Tar:6    | Gained mutation: You have large cloven feet. [potion of
                  | mutation]
 96258 | Tar:7    | Entered Level 7 of Tartarus
 96280 | Tar:7    | Reached skill level 23 in Dodging
 96313 | Tar:7    | Reached skill level 15 in Spellcasting
 97115 | Tar:7    | Reached skill level 25 in Fighting
 97122 | Tar:7    | HP: 107/244 [??? (56)]
 97756 | Tar:7    | Noticed Ereshkigal
 97774 | Tar:7    | HP: 110/244 [Tzitzimitl/dispel undead[Ereshkigal] (56)]
 97779 | Tar:7    | Killed Ereshkigal
 97921 | Tar:7    | Got a bone rune of Zot
 98015 | Tar:7    | Found the +18 shield of the Gong {rElec rN+ Will+ EV-5}
 98163 | Tar:7    | Identified the +2 robe of Liberalism {rF++ rCorr MP+9
                  | Dex-4}
 98256 | Tar:7    | Reached skill level 24 in Dodging
 98533 | Geh:1    | Entered Level 1 of Gehenna
 98719 | Geh:1    | Noticed an ancient lich
 98728 | Geh:1    | Killed an ancient lich
 99313 | Geh:3    | Noticed a dread lich
 99318 | Geh:3    | Noticed an ancient lich
 99327 | Geh:3    | Killed a dread lich
 99429 | Geh:3    | Killed an ancient lich
 99430 | Geh:3    | Reached skill level 26 in Fighting
 99863 | Geh:4    | HP: 120/247 [hell hog/fireball (9)]
 99868 | Geh:4    | HP: 88/247 [balrug/+0 demon whip (5)]
 99871 | Geh:4    | HP: 34/247 [fire giant/fireball (21)]
100097 | Geh:5    | Found a runed translucent gate.
100117 | Geh:5    | Found a runed translucent gate.
100117 | Geh:5    | Found a runed translucent gate.
100119 | Geh:5    | Found a runed translucent gate.
100119 | Geh:5    | Found a runed translucent gate.
100120 | Geh:5    | Found a runed translucent gate.
100120 | Geh:5    | Found a runed translucent gate.
100120 | Geh:5    | Found a runed translucent gate.
100120 | Geh:5    | Found a runed translucent gate.
100120 | Geh:5    | Found a runed translucent gate.
100120 | Geh:5    | Found a runed translucent gate.
100120 | Geh:5    | Found a runed translucent gate.
100151 | Geh:5    | HP: 103/233 [??? (53)]
100152 | Geh:5    | HP: 47/233 [hell hog/fireball (8)]
100165 | Geh:5    | Reached skill level 25 in Dodging
100372 | Geh:5    | HP: 86/213 [lurking horror (44)]
100372 | Geh:5    | HP: 41/213 [spore (16)]
100774 | Geh:7    | Entered Level 7 of Gehenna
100855 | Geh:7    | Noticed the Serpent of Hell
100866 | Geh:7    | Killed the Serpent of Hell
100906 | Geh:7    | Noticed a dread lich
100909 | Geh:7    | Killed a dread lich
100960 | Geh:7    | Identified the +0 steam dragon scales of Neizewn {rF++
                  | Str+3}
101029 | Geh:7    | Identified the +7 shortbow of Jiosots {vorpal, rElec rPois
                  | rF+ rCorr}
101344 | Geh:7    | Found the +7 sceptre of Asmodeus
101344 | Geh:7    | Noticed Asmodeus
101350 | Geh:7    | Killed Asmodeus
101398 | Geh:7    | Got an obsidian rune of Zot
101570 | Coc:1    | Entered Level 1 of Cocytus
102155 | Coc:3    | Reached skill level 27 in Fighting
102170 | Coc:4    | Reached skill level 16 in Spellcasting
102172 | Coc:4    | HP: 99/216 [shard shrike (13)]
102289 | Coc:4    | Gained mutation: You have hidden genetic defects.
                  | [mutagenic glow]
102324 | Coc:4    | Gained mutation: You occasionally lose the ability to read
                  | scrolls when taking damage. [mutagenic glow]
102566 | Coc:5    | Reached skill level 26 in Dodging
103025 | Coc:7    | Entered Level 7 of Cocytus
103034 | Coc:7    | Reached skill level 17 in Spellcasting
103523 | Coc:7    | Reached skill level 16 in Stealth
103667 | Coc:7    | Reached skill level 27 in Dodging
103667 | Coc:7    | Noticed Antaeus
103678 | Coc:7    | Killed Antaeus
103679 | Coc:7    | Reached skill level 18 in Spellcasting
103715 | Coc:7    | Got an icy rune of Zot
103862 | Pan      | Entered Pandemonium
103867 | Pan      | Lost mutation: You have large cloven feet. [potion of
                  | mutation]
103867 | Pan      | Lost mutation: Your mind is acute. (Int +4, Str/Dex -1)
                  | [potion of mutation]
103867 | Pan      | Lost mutation: You have hidden genetic defects. [potion of
                  | mutation]
103867 | Pan      | Gained mutation: Your flesh is cold resistant. (rC+)
                  | [potion of mutation]
103868 | Pan      | Lost mutation: You occasionally lose the ability to read
                  | scrolls when taking damage. [potion of mutation]
103868 | Pan      | Lost mutation: Your flesh is cold resistant. (rC+) [potion
                  | of mutation]
103868 | Pan      | Gained mutation: You occasionally lose the ability to read
                  | scrolls when taking damage. [potion of mutation]
103868 | Pan      | Gained mutation: You are covered in fur. (AC +1) [potion of
                  | mutation]
103869 | Pan      | Lost mutation: You are covered in fur. (AC +1) [potion of
                  | mutation]
103869 | Pan      | Lost mutation: You occasionally lose the ability to read
                  | scrolls when taking damage. [potion of mutation]
103869 | Pan      | Gained mutation: You have large cloven feet. [potion of
                  | mutation]
103870 | Pan      | Noticed Vacuarr the pandemonium lord
103874 | Pan      | Killed Vacuarr the pandemonium lord
104019 | Pan      | Noticed Midek the pandemonium lord
104022 | Pan      | Killed Midek the pandemonium lord
104031 | Pan      | Reached skill level 17 in Stealth
104066 | Pan      | Got a demonic rune of Zot
104215 | Pan      | Found an exit through the horrors of the Abyss.
104242 | Pan      | Found a runed translucent door.
104556 | Pan      | Found a runed translucent door.
104562 | Pan      | Found a runed translucent door.
104575 | Pan      | Found a runed translucent door.
104577 | Pan      | Noticed Waerari the pandemonium lord
104583 | Pan      | Killed Waerari the pandemonium lord
104630 | Pan      | Found a runed translucent door.
104662 | Pan      | Identified the +3 fire dragon scales "Piusmimm" {Rampage
                  | rF++ rC- Str+2}
104671 | Pan      | Entered the realm of Gloorx Vloq.
104729 | Pan      | Reached skill level 19 in Spellcasting
104749 | Pan      | Noticed Gloorx Vloq
104759 | Pan      | Killed Gloorx Vloq
104763 | Pan      | Reached skill level 18 in Stealth
104781 | Pan      | Got a dark rune of Zot
104880 | Pan      | Entered the realm of Mnoleg.
104995 | Pan      | Noticed Mnoleg
104998 | Pan      | Paralysed by a floating eye for 2 turns
105001 | Pan      | Paralysed by a floating eye for 3 turns
105005 | Pan      | Paralysed by a floating eye for 2 turns
105011 | Pan      | Killed Mnoleg
105064 | Pan      | Identified the +5 morningstar of Annihilation {flame,
                  | +Blink Will- Int+7}
105111 | Pan      | Got a glowing rune of Zot
105291 | Pan      | Entered the realm of Cerebov.
105355 | Pan      | Reached skill level 19 in Stealth
105407 | Pan      | Got Fauran's Papyrus of the Commander
105436 | Pan      | Identified the +4 war axe "Ligiri" {vorpal, rElec rC+
                  | Dex+3}
105438 | Pan      | Identified the +4 halberd of Wuugij {vorpal, *Slow rF+
                  | Dex+4}
105488 | Pan      | Identified the +7 hand crossbow of Havoc {vorpal, Will+}
105489 | Pan      | Identified the +1 ring mail of Unambiguity {-Tele rElec
                  | Str+5}
105491 | Pan      | Identified the +5 long sword of the Scorpion {freeze, rN+
                  | Int+4 Dex+4}
105574 | Pan      | Found the +6 sword of Cerebov {flame}
105574 | Pan      | Noticed Cerebov
105586 | Pan      | Killed Cerebov
105587 | Pan      | Reached skill level 20 in Spellcasting
105609 | Pan      | Got a fiery rune of Zot
105856 | Pan      | Found an exit through the horrors of the Abyss.
106000 | Pan      | Found a runed translucent door.
106007 | Pan      | Found a runed translucent door.
106014 | Pan      | Found a runed translucent door.
106016 | Pan      | Noticed Dyikizoi the pandemonium lord
106018 | Pan      | Killed Dyikizoi the pandemonium lord
106034 | Pan      | Got Vyeza's Anthology of Cursed Misery
106038 | Pan      | Found a runed translucent door.
106103 | Pan      | Noticed Xudyuwn the pandemonium lord
106149 | Pan      | Killed Xudyuwn the pandemonium lord
106196 | Pan      | Entered the realm of Lom Lobon.
106320 | Pan      | Noticed Lom Lobon
106338 | Pan      | Killed Lom Lobon
106339 | Pan      | Reached skill level 20 in Stealth
106363 | Pan      | Got a magical rune of Zot
106515 | Pan      | Found an exit through the horrors of the Abyss.
106713 | Pan      | HP: 95/216 [??? (49)]
106714 | Pan      | Noticed Cefidin the pandemonium lord
106717 | Pan      | Killed Cefidin the pandemonium lord
106922 | Depths:3 | Escaped Pandemonium
107391 | Crypt:1  | Killed Ujofet's ghost
107402 | Crypt:1  | Identified the amulet of Qothra Ojue {Reflect rElec Int+5
                  | SH+5}
107523 | Tomb:1   | Entered Level 1 of the Tomb of the Ancients
107743 | Tomb:1   | Reached skill level 21 in Spellcasting
108000 | Tomb:1   | Got the Textbook on the Virous Pyromaniac
108103 | Tomb:1   | Reached skill level 21 in Stealth
108264 | Tomb:1   | Got Kiden's Spellweaving Continued
108293 | Tomb:2   | HP: 95/216 [??? (49)]
108566 | Tomb:2   | HP: 107/216 [emperor scorpion[a royal mummy] (5)]
108584 | Tomb:2   | HP: 102/216 [death scarab[a royal mummy] (16)]
108594 | Tomb:2   | Gained mutation: Armour fits poorly on your strangely
                  | shaped body. [mutagenic glow]
108615 | Tomb:1   | Killed by a magical explosion

Illustrated notes

Levels and vault maps discovered:
D:1:      lightli_arrival_farm, layout_rooms, serial_shops, shop
D:2:      layout_basic, corexii_leaking_fountain
D:3:      layout_loops_ring, nicolae_tso_carved_into_rock,
          shapermc_ecumenical_altar_ellora, uniq_terence,
          uniq_crazy_yiuf_cottage, uniq_pargi
D:4:      layout_layer_cave, nicolae_uskayaw_murder_on_the_dancefloor,
          uniq_eustachio
D:5:      layout_rooms, mainiacjoe_overflow_paths, xom_confusion_cloud,
          nicolae_ru_awakened_eye, minmay_temple_entry_junction, serial_shops,
          shop, minmay_shop_damaged, minmay_misc_feat_tiny
D:6:      layout_loops_ring, enter_ossuary_3
D:7:      layout_loops_corners, grunt_ogre_cave
D:8:      layout_loops_ring, nicolae_qazlal_general_emergency, uniq_psyche
D:9:      layout_loops_cross, mainiacjoe_overflow_alcove_2, orc_david_3
D:10:     layout_irregular_city, mainiacjoe_overflow_large_starburst,
          erik_lair_orcish_takeover, nzn_ghost_randoct, uniq_urug
D:11:     layout_loops_cross, serial_shops, shop, uniq_gastronok
D:12:     minmay_chambers_of_sevens, layout_irregular_city, hive_lemuel,
          uniq_nergalle
D:13:     minmay_the_grid_square_5x5_4x4_mashed
          [minmay_the_grid_square_5x5_almost_minimal,
          minmay_the_grid_square_5x5_bracketed, minmay_the_grid_square_5x5_z,
          minmay_the_grid_square_5x5_inner_v,
          minmay_the_grid_square_5x5_moneybag,
          minmay_the_grid_square_5x5_prize_deathbox,
          minmay_the_grid_square_5x5_prize_gold, minmay_the_grid_square_5x5_two,
          minmay_the_grid_square_5x5_hourglass,
          minmay_the_grid_square_5x5_prize_monsterx,
          minmay_the_grid_square_5x5_prize_waves,
          minmay_the_grid_square_5x5_n_small,
          minmay_the_grid_square_5x5_six_small,
          minmay_the_grid_square_5x5_checkered,
          minmay_the_grid_square_5x5_seven,
          minmay_the_grid_square_5x5_intrusive_squares], layout_stronghold,
          david_vaults_2, amcnicky_mini_pool_small, introduction_to_nature_2,
          uniq_erolcha, uniq_frances
D:14:     layout_basic, dreamdust_princess_corridor
D:15:     hangedman_depths_entry_civil_slaughter, layout_loops_ring,
          nemelex_lonely_heart_becter
Lair:1:   layout_small_grid, infiniplex_staircase_pool, serial_bayou_shore_b
Lair:2:   layout_loops_ring
Lair:3:   layout_cave_pods, skrybe_swamp_entry_bodies,
          minmay_snake_entry_six_corridors, enter_volcano_2,
          minmay_lindwurm_lava, uniq_josephine
Lair:4:   layout_cave_pods, minmay_slime_entry_jelly_boxes
Lair:5:   evilmike_catoblepas_cave, layout_long_grid
Swamp:1:  layout_falls_marsh, evilmike_swamp_ruin_house_2,
          nicolae_swamp_super_fun_site, uniq_louise
Swamp:2:  layout_basic_swamp, serial_swamp_ruin, evilmike_swamp_ruin_house_3,
          evilmike_swamp_ruin_house_1, evilmike_swamp_ruin_house_6, swamp_pool1
Swamp:3:  layout_falls_marsh, infiniplex_staircase_pool_2,
          nicolae_swamp_frolicking_bunyips
Swamp:4:  swamp_fiery, layout_basic_swamp
Snake:1:  layout_misc_corridors
Snake:2:  layout_concentric_octagons
Snake:3:  layout_grid_shapes, uniq_jorgrun, uniq_saint_roka, uniq_aizul
Snake:4:  johnstein_snake_rune_scales, layout_onion
Slime:1:  layout_caves
Slime:2:  layout_caves
Slime:3:  layout_caves, uniq_dissolution
Slime:4:  layout_caves, nicolae_slime_phagocytosis
Slime:5
Orc:1:    gammafunk_beogh_shrine, layout_caves, minmay_orc_temple_c
Orc:2:    st_orc_elflike, layout_caves, basic_altar, gammafunk_ghost_cemetery
Elf:1:    layout_loops_ring, ebering_ghost_gozag, minmay_elf_demonology,
          st_stairs_11, uniq_kirke
Elf:2:    elven_hall_of_blades_hangedman_original
          [nicolae_blade_entry_crossed_weapons], layout_gridlike
Elf:3:    minmay_elf_hall_circle, layout_geoelf_diagonals, serial_shops,
          nicolae_shop_crystal, grunt_ministairs_11, item_on_display_a,
          uniq_nikola
Vaults:1: v_misc_19, hangedman_vaults_variations, nicolae_vaults_what_the_h,
          vaults_room_fours, v_rooms_1, nicolae_vaults_murderbox,
          hangedman_vaults_nails, layout_vaults_chaotic_city, enter_trove_0
Vaults:2: vaults_standard_mumra_enter_the_diamond, vaults_dpeg_emergency_exit,
          vaults_room_door_hall, layout_vaults_omnigrid
Vaults:3: st_squares, ontoclasm_vaults_pinch, nicolae_vaults_border_crossing,
          minmay_crypt_entry_simple_round, nicolae_vaults_little_ls,
          hangedman_vaults_cutoff, hangedman_vaults_pinch,
          vaults_standard_mumra_lines, hangedman_vaults_slice,
          nicolae_vaults_angled_halls, nicolae_vaults_mini_display_case,
          layout_vaults_omnicross
Vaults:4: portal_desolation_entry_twin_temple, hangedman_vaults_nails,
          hangedman_vaults_stitches, v_misc_28, nicolae_vaults_network_star,
          hangedman_vaults_corner_blocks, vaults_mumra_hex, v_misc_14,
          vaults_room_door_ring, hangedman_vaults_locks, ontoclasm_vaults_fault,
          nicolae_vaults_bisected_inception, ontoclasm_vaults_ring_small,
          layout_vaults_maze_bifur, uniq_bai_suzhen
Vaults:5: serial_shops, uniq_mara
Crypt:1:  layout_regular_city, gammafunk_ghost_arena, minivault_25
Crypt:2:  cheibrodos_crypt_draghalla, layout_catacombs, lemuel_upstairs_altar,
          uniq_vv
Crypt:3:  david_glass_crypt, layout_gridlike
Tomb:1
Tomb:2
Depths:1: layout_gridlike, abyss_entry_crystal, minmay_misc_feat_cross,
          ebering_ghost_disaster_area, grunt_metal_band,
          nicolae_ashenzari_skybound
Depths:2: lemuel_castle_with_subvaults [lemuel_castle_interior_carwin_1],
          layout_cave_pools, grunt_pan_entry_zigzag, hell_entry,
          infiniplex_staircase_zigzag_4
Depths:3: nzn_winding_woodlands_large [nzn_winding_woodlands_5x5_perimeter,
          nzn_winding_woodlands_5x15_concentric,
          nzn_winding_woodlands_5x5_closed_star,
          nzn_winding_woodlands_center_lodge,
          nzn_winding_woodlands_15x15_thick_spiral,
          nzn_winding_woodlands_center_diamonds,
          nzn_winding_woodlands_5x5_open_star,
          nzn_winding_woodlands_5x15_river_crossing,
          nzn_winding_woodlands_5x5_default], layout_cave_shapes,
          enter_ziggurat_c, abyss_entry, infiniplex_enter_wizlab_water,
          hangedman_coc_ice_floe, pan_entry, serial_bayou_shore_a
Depths:4: evilmike_zot_entry_diamond, layout_gridville,
          grunt_hell_entry_dis_old, serial_shops, shop,
          chequers_serial_rivers_marsh
Hell
Dis:1:    layout_overlapping_boxes, glass_columns_b
Dis:2:    layout_gridville
Dis:3:    layout_jigsaw, nicolae_dis_big_boring_drill
Dis:4:    layout_subdivisions
Dis:5:    layout_regular_city, nicolae_dis_strange_trophy_room
Dis:6:    layout_regular_city
Dis:7:    dis_hangedman
Geh:1:    layout_gehenna_lava_caves
Geh:2:    layout_gehenna_lava_caves
Geh:3:    nicolae_geh_i_lava_good_maze [nicolae_geh_lavamaze_orthhalf_recurse,
          nicolae_geh_lavamaze_orthhalf_recurse]
Geh:4:    layout_gehenna_pools_triple
Geh:5:    layout_gehenna_pools_triple, nicolae_geh_backdraft
Geh:6:    layout_gehenna_lava_caves, lemuel_hellish_altar
Geh:7:    geh_grunt_pentagon
Coc:1:    layout_ice_bergs
Coc:2:    layout_cocytus_water_paths
Coc:3:    layout_cocytus_water_paths
Coc:4:    layout_ice_bergs, nicolae_hells_fiendish_ambush
Coc:5:    layout_cocytus_delve
Coc:6:    layout_cocytus_delve
Coc:7:    coc_mu
Tar:1:    layout_grid_maze, nicolae_tar_honey_rotating
Tar:2:    minmay_shadows, layout_catacombs
Tar:3:    nicolae_tar_tart_auras, layout_cathedral_of_symmetry
Tar:4:    layout_catacombs, door_vault
Tar:5:    layout_cathedral_of_symmetry, nicolae_tar_cuneiform_not
Tar:6:    nicolae_hells_titanomachy
Tar:7:    tar_mu [tar_mu_maze]
Zot:1:    lemuel_acid_trip, layout_concentric_octagons
Zot:2:    layout_basic, st_small_dragon_hoard_2, grunt_megastairs_4
Zot:3:    layout_basic, st_stairs_13
Zot:4:    kennysheep_spiral_hall, layout_cathedral_of_symmetry,
          nicolae_diode_intersection, grunt_megastairs_3
Zot:5:    layout_basic, grunt_ministairs_4

Skill      XL: |  1  2  3  4  5  6  7  8  9 10 11 12 13 14 15 16 17 18 19 20 21 22 23 24 25 26 27 |
---------------+----------------------------------------------------------------------------------+-----
Long Blades    | 1 2 3 4 5 6 8 10 11 13 14 | 14.6
Dodging        | 3 4 6 7 9 10 11 12 13 14 16 18 20 27 | 27.0
Stealth        | 5 6 8 10 11 15 21 | 21.4
Ranged Weapons | 5 10 14 16 17 20 21 24 26 27 | 27.0
Fighting       | 5 9 10 13 16 17 19 22 27 | 27.0
Air Magic      | 2 4 7 10 12 | 12.0
Translocations | 2 4 7 10 13 15 18 | 18.0
Necromancy     | 27 | 27.0
Transmutations | 20 | 20.0
Spellcasting   | 21 | 21.5

Action                   |  1- 3 |  4- 6 |  7- 9 | 10-12 | 13-15 | 16-18 | 19-21 | 22-24 | 25-27 || total
-------------------------+-------+-------+-------+-------+-------+-------+-------+-------+-------++-------
Melee: Short sword       |    47 |    84 |   506 |   507 |       |       |       |       |       ||  1144
       Punch             |     1 |     1 |     3 |    11 |     2 |     8 |     1 |       |       ||    27
       Falchion          |       |       |       |    34 |       |       |       |       |       ||    34
       Great sword       |       |       |       |   316 |   199 |       |       |       |       ||   515
       Scimitar          |       |       |       |       |   268 |   377 |    18 |       |       ||   663
       Triple crossbow   |       |       |       |       |       |       |       |     1 |       ||     1
 Fire: Shortbow          |    61 |   107 |   156 |   398 |    84 |       |       |       |       ||   806
       Longbow           |       |       |       |       |   702 |       |       |       |       ||   702
       Arbalest          |       |       |       |       |   262 |  1033 |     8 |       |       ||  1303
       Triple crossbow   |       |       |       |       |       |       |   748 |  1310 |  6764 ||  8822
 Cast: Swiftness         |       |       |       |       |       |       |       |     1 |     3 ||     4
       Passage of Golubr |       |       |       |       |       |       |       |     1 |     2 ||     3
       Blink             |       |       |       |       |       |       |       |       |     9 ||     9
       Necromutation     |       |       |       |       |       |       |       |       |    83 ||    83
       Dispersal         |       |       |       |       |       |       |       |       |    14 ||    14
       Borgnjor's Revivi |       |       |       |       |       |       |       |       |     3 ||     3
       Death's Door      |       |       |       |       |       |       |       |       |     1 ||     1
 Abil: End Transformatio |       |       |       |       |       |       |       |       |     8 ||     8
Evoke: Wand              |       |       |    13 |    17 |     1 |       |     2 |       |       ||    33
       Phial of floods   |       |       |       |       |     1 |     1 |     1 |       |       ||     3
       Phantom mirror    |       |       |       |       |       |       |     2 |     1 |       ||     3
  Use: Scroll            |       |       |    11 |     6 |    13 |     8 |    17 |    12 |    36 ||   103
       Potion            |       |       |     1 |     6 |     5 |     8 |     2 |     1 |    26 ||    49
 Stab: Sleeping          |     4 |       |     2 |     6 |     3 |     1 |       |       |       ||    16
       Invisible         |       |       |     2 |    10 |       |     3 |       |       |       ||    15
       Distracted        |       |       |     1 |     1 |       |       |       |       |       ||     2
       Betrayed ally     |       |       |       |     1 |       |       |       |       |       ||     1
Armor: Leather armour    |    11 |    10 |    45 |       |       |       |       |    27 |   140 ||   233
       Steam dragon scal |       |       |       |     5 |       |       |       |       |       ||     5
       Ring mail         |       |       |       |   106 |   174 |   129 |    79 |    15 |       ||   503
Dodge: Dodged            |    52 |    55 |   334 |   768 |   767 |   717 |   443 |   515 |  4838 ||  8489
       Repelled          |       |       |       |       |     7 |    16 |       |       |       ||    23

Table legend: (Time is in decaauts)
 A = Elapsed time spent in this place.
 B = Non-inter-level travel time spent in this place.
 C = Inter-level travel time spent in this place.
 D = Time resting spent in this place.
 E = Time spent auto-exploring this place.
 F = Levels seen in this place.
 G = Mean time per level.
                   A        B        C        D        E       F      G
               +--------+--------+--------+--------+--------+-----+--------+
         Total | 109442 |  96318 |  13124 |   7001 |  60650 | 127 |  861.7 |
       Dungeon |  23860 |  19620 |   4240 |   1553 |  12808 |  15 | 1590.7 |
          Lair |   7717 |   6530 |   1187 |    449 |   4238 |   5 | 1543.4 |
         Swamp |   3257 |   2984 |    273 |    292 |   1911 |   4 |  814.2 |
     Snake Pit |   5016 |   4438 |    578 |     99 |   3127 |   4 | 1254.0 |
    Slime Pits |   1025 |    869 |    156 |    105 |    197 |   5 |  205.0 |
  Orcish Mines |   2942 |   2281 |    661 |     73 |   1436 |   2 | 1471.0 |
   Elven Halls |   3073 |   2862 |    211 |     56 |   2141 |   3 | 1024.3 |
        Vaults |   8944 |   6981 |   1963 |    345 |   4665 |   5 | 1788.8 |
         Crypt |   4125 |   3441 |    684 |     21 |   2773 |   3 | 1375.0 |
          Tomb |   1129 |   1093 |     36 |     91 |    663 |   2 |  564.5 |
        Depths |  10810 |   9522 |   1288 |   2222 |   5478 |   4 | 2702.5 |
          Hell |   1080 |    880 |    200 |      0 |    606 |   1 | 1080.0 |
           Dis |   3134 |   2874 |    260 |    135 |   2009 |   7 |  447.7 |
       Gehenna |   3015 |   2774 |    241 |    203 |   1754 |   7 |  430.7 |
       Cocytus |   2279 |   2154 |    125 |    181 |   1022 |   7 |  325.6 |
      Tartarus |   4587 |   4186 |    401 |    242 |   3087 |   7 |  655.3 |
           Zot |   6908 |   6295 |    613 |     83 |   4689 |   5 | 1381.6 |
         Abyss |  10770 |  10770 |      0 |    142 |   5878 |  12 |  897.5 |
   Pandemonium |   3048 |   3048 |      0 |    115 |   1103 |  17 |  179.3 |
      Ziggurat |    323 |    323 |      0 |    100 |     79 |   8 |   40.4 |
         Trove |     83 |     83 |      0 |      0 |     37 |   1 |   83.0 |
       Ossuary |    135 |    135 |      0 |      0 |     61 |   1 |  135.0 |
        Wizlab |    383 |    383 |      0 |     75 |    158 |   1 |  383.0 |
    Desolation |   1790 |   1790 |      0 |    414 |    725 |   1 | 1790.0 |
               +--------+--------+--------+--------+--------+-----+--------+

Top non-repeatable levels by time:
 Abyss:4: 8821 daAuts
Depths:2: 3825 daAuts
    D:13: 2895 daAuts
Depths:3: 2875 daAuts
Vaults:3: 2429 daAuts
     D:8: 2316 daAuts
   Tar:7: 2254 daAuts
Depths:1: 2233 daAuts
    D:12: 2148 daAuts
     D:3: 2089 daAuts
 Crypt:2: 2057 daAuts
   Zot:1: 2026 daAuts
    D:10: 2007 daAuts
Vaults:5: 2004 daAuts
     D:9: 1924 daAuts
